Workbook
Name S02_: #REF!

Sheet 地市透视表
A1: 地市 | B1: 资产条数 | C1: 资产原值（元） | D1: 资产净值（元） | E1: 净值/原值 | F1: 评估价（元）
A2: 杭州 | B2: 132 | C2: 851804.08 | D2: 159999.75 | E2: =D2/C2 -> 0.18783633 | F2: 24013.158
A3: 台州 | B3: 151 | C3: 427200.44 | D3: 39995.19 | E3: =D3/C3 -> 0.093621603 | F3: 56975.405
A4: 宁波 | B4: 126 | C4: 465630.37 | D4: 40418.98 | E4: =D4/C4 -> 0.086804862 | F4: 25049.065
A5: 金华 | B5: 214 | C5: 987796.04 | D5: 104895.19 | E5: =D5/C5 -> 0.10619114 | F5: 58988.052
A6: 合计 | B6: =SUM(B2:B5) -> 623 | C6: =SUM(C2:C5) -> 2732430.9 | D6: =SUM(D2:D5) -> 345309.11 | E6: =D6/C6 -> 0.12637432 | F6: =SUM(F2:F5) -> 165025.68

Sheet 汇总
A1: 地市 | B1: *资产类别名称（大类相同完成度不同的分行填报） | C1: *对应估值清单的分类描述 | D1: *资产名称 | E1: 计量单位 | F1: 资产数量 | G1: 总重量（kg） | H1: 完整度/出铜（铝）率（%） | I1: 最低转让单价（含税） | J1: 最低转让总价（含税） | K1: 备注 （主要配件缺失的需要注明）
A2: 台州 | B2: =VLOOKUP(D2,[1]物资价格!$A:$B,2,0) -> 机房空调设备-空调 | C2: =VLOOKUP(D2,[1]物资价格!$A:$C,3,0) -> 壁挂空调 | D2: 2P及2P以下成套空调 | E2: =VLOOKUP(D2,[1]清单!$D:$H,5,0) -> 台 | F2: 5 | I2: 527 | J2: =I2*F2 -> 2635
A3: 台州 | B3: =VLOOKUP(D3,[1]物资价格!$A:$B,2,0) -> 机房空调设备-空调 | C3: =VLOOKUP(D3,[1]物资价格!$A:$C,3,0) -> 3匹空调 | D3: 3P空调无室外机 | E3: =VLOOKUP(D3,[1]清单!$D:$H,5,0) -> 台 | F3: 1 | I3: 461 | J3: =I3*F3 -> 461
A4: 台州 | B4: =VLOOKUP(D4,[1]物资价格!$A:$B,2,0) -> 机房空调设备-空调 | C4: =VLOOKUP(D4,[1]物资价格!$A:$C,3,0) -> 3匹空调 | D4: 3P空调室内外成套 | E4: =VLOOKUP(D4,[1]清单!$D:$H,5,0) -> 台 | F4: 48 | I4: 950 | J4: =I4*F4 -> 45600
A5: 台州 | B5: =VLOOKUP(D5,[1]物资价格!$A:$B,2,0) -> 普通钢 | C5: =VLOOKUP(D5,[1]物资价格!$A:$C,3,0) -> 其他各类铁质为主的报废物资，例如：走线架、空柜体、机架、电池架、空调防盗网、整流机架、充电电源柜等。 | D5: 壁挂式开关电源 | E5: =VLOOKUP(D5,[1]清单!$D:$H,5,0) -> 架 | F5: 1 | G5: 6.5 | I5: 1980元/吨 | J5: =1980/1000*G5 -> 12.87
A6: 台州 | B6: =VLOOKUP(D6,[1]物资价格!$A:$B,2,0) -> 办公设备 | C6: =VLOOKUP(D6,[1]物资价格!$A:$C,3,0) -> 打印机 | D6: 打印机 | E6: =VLOOKUP(D6,[1]清单!$D:$H,5,0) -> 台 | F6: 6 | G6: 32 | I6: 26 | J6: =I6*F6 -> 156
A7: 台州 | B7: =VLOOKUP(D7,[1]物资价格!$A:$B,2,0) -> 普通钢 | C7: =VLOOKUP(D7,[1]物资价格!$A:$C,3,0) -> 其他各类铁质为主的报废物资，例如：走线架、空柜体、机架、电池架、空调防盗网、整流机架、充电电源柜等。 | D7: 电表 | E7: =VLOOKUP(D7,[1]清单!$D:$H,5,0) -> 个 | F7: 1 | G7: 0.5 | I7: 1980元/吨 | J7: =1980/1000*G7 -> 0.99
A8: 台州 | B8: =VLOOKUP(D8,[1]物资价格!$A:$B,2,0) -> 普通钢 | C8: =VLOOKUP(D8,[1]物资价格!$A:$C,3,0) -> 其他各类铁质为主的报废物资，例如：走线架、空柜体、机架、电池架、空调防盗网、整流机架、充电电源柜等。 | D8: 电池合路器 | E8: =VLOOKUP(D8,[1]清单!$D:$H,5,0) -> 个 | F8: 1 | G8: 2 | I8: 1980元/吨 | J8: =1980/1000*G8 -> 3.96
A9: 台州 | B9: =VLOOKUP(D9,[1]物资价格!$A:$B,2,0) -> 其他小件物资 | C9: =VLOOKUP(D9,[1]物资价格!$A:$C,3,0) -> 动力及环境监控组件 | D9: 动环监控 | E9: =VLOOKUP(D9,[1]清单!$D:$H,5,0) -> 个 | F9: 22 | G9: 31 | I9: 16 | J9: =I9*F9 -> 352
A10: 台州 | B10: =VLOOKUP(D10,[1]物资价格!$A:$B,2,0) -> 普通钢 | C10: =VLOOKUP(D10,[1]物资价格!$A:$C,3,0) -> 其他各类铁质为主的报废物资，例如：走线架、空柜体、机架、电池架、空调防盗网、整流机架、充电电源柜等。 | D10: 供电计量设备 | E10: =VLOOKUP(D10,[1]清单!$D:$H,5,0) -> 个 | F10: 2 | G10: 1 | I10: 1980元/吨 | J10: =1980/1000*G10 -> 1.98
A11: 台州 | B11: =VLOOKUP(D11,[1]物资价格!$A:$B,2,0) -> 机房空调设备-空调 | C11: =VLOOKUP(D11,[1]物资价格!$A:$C,3,0) -> 空调按重量处置 | D11: 机柜空调 | E11: =VLOOKUP(D11,[1]清单!$D:$H,5,0) -> 台 | F11: 4 | G11: 98.5 | I11: 10160元/吨 | J11: =10160/1000*G11 -> 1000.76
A12: 台州 | B12: =VLOOKUP(D12,[1]物资价格!$A:$B,2,0) -> 配电箱类 | C12: =VLOOKUP(D12,[1]物资价格!$A:$C,3,0) -> 包括各种壁挂配电箱、油机转换箱、燃油箱、发电设备控制柜等 | D12: 交流计量箱 | E12: =VLOOKUP(D12,[1]清单!$D:$H,5,0) -> 个 | F12: 3 | G12: 18.5 | I12: 102 | J12: =I12*F12 -> 306
A13: 台州 | B13: =VLOOKUP(D13,[1]物资价格!$A:$B,2,0) -> 普通钢 | C13: =VLOOKUP(D13,[1]物资价格!$A:$C,3,0) -> 其他各类铁质为主的报废物资，例如：走线架、空柜体、机架、电池架、空调防盗网、整流机架、充电电源柜等。 | D13: 空调控制器 | E13: =VLOOKUP(D13,[1]清单!$D:$H,5,0) -> 个 | F13: 3 | G13: 2.5 | I13: 1980元/吨 | J13: =1980/1000*G13 -> 4.95
A14: 台州 | B14: =VLOOKUP(D14,[1]物资价格!$A:$B,2,0) -> 电力电缆 | C14: =VLOOKUP(D14,[1]物资价格!$A:$C,3,0) -> 铝缆类 | D14: 铝芯电缆 | E14: =VLOOKUP(D14,[1]清单!$D:$H,5,0) -> 根 | F14: 6 | G14: 43 | H14: 0.27 | I14: 17160元/吨×出铝率 | J14: =17160/1000*H14*G14 -> 199.2276
A15: 台州 | B15: =VLOOKUP(D15,[1]物资价格!$A:$B,2,0) -> 普通钢 | C15: =VLOOKUP(D15,[1]物资价格!$A:$C,3,0) -> 其他各类铁质为主的报废物资，例如：走线架、空柜体、机架、电池架、空调防盗网、整流机架、充电电源柜等。 | D15: 模块 | E15: =VLOOKUP(D15,[1]清单!$D:$H,5,0) -> 个 | F15: 5 | G15: 9 | I15: 1980元/吨 | J15: =1980/1000*G15 -> 17.82
A16: 台州 | B16: =VLOOKUP(D16,[1]物资价格!$A:$B,2,0) -> 配电箱类 | C16: =VLOOKUP(D16,[1]物资价格!$A:$C,3,0) -> 包括各种壁挂配电箱、油机转换箱、燃油箱、发电设备控制柜等 | D16: 配电箱 | E16: =VLOOKUP(D16,[1]清单!$D:$H,5,0) -> 台 | F16: 1 | G16: 4 | I16: 102 | J16: =I16*F16 -> 102
A17: 台州 | B17: =VLOOKUP(D17,[1]物资价格!$A:$B,2,0) -> 普通钢 | C17: =VLOOKUP(D17,[1]物资价格!$A:$C,3,0) -> 其他各类铁质为主的报废物资，例如：走线架、空柜体、机架、电池架、空调防盗网、整流机架、充电电源柜等。 | D17: 嵌入式开关电源 | E17: =VLOOKUP(D17,[1]清单!$D:$H,5,0) -> 架 | F17: 4 | G17: 23 | I17: 1980元/吨 | J17: =1980/1000*G17 -> 45.54
A18: 台州 | B18: =VLOOKUP(D18,[1]物资价格!$A:$B,2,0) -> 办公设备 | C18: =VLOOKUP(D18,[1]物资价格!$A:$C,3,0) -> 台式机 | D18: 台式机 | E18: =VLOOKUP(D18,[1]清单!$D:$H,5,0) -> 台 | F18: 20 | G18: 68 | I18: 81 | J18: =I18*F18 -> 1620
A19: 台州 | B19: =VLOOKUP(D19,[1]物资价格!$A:$B,2,0) -> 电力电缆 | C19: =VLOOKUP(D19,[1]物资价格!$A:$C,3,0) -> 铜缆类 | D19: 铜芯电缆 | E19: =VLOOKUP(D19,[1]清单!$D:$H,5,0) -> 根 | F19: 2 | G19: 1.5 | H19: 0.5 | I19: 70210元/吨×出铜率 | J19: =70210/1000*H19*G19 -> 52.6575
A20: 台州 | B20: =VLOOKUP(D20,[1]物资价格!$A:$B,2,0) -> 一体化机柜 | C20: =VLOOKUP(D20,[1]物资价格!$A:$C,3,0) -> 一体化机柜（空调型） | D20: 一体化机柜（空调型） | E20: =VLOOKUP(D20,[1]清单!$D:$H,5,0) -> 个 | F20: 2 | G20: 176 | I20: 203 | J20: =I20*F20 -> 406
A21: 台州 | B21: =VLOOKUP(D21,[1]物资价格!$A:$B,2,0) -> 配电箱类 | C21: =VLOOKUP(D21,[1]物资价格!$A:$C,3,0) -> 包括各种壁挂配电箱、油机转换箱、燃油箱、发电设备控制柜等 | D21: 油机转换箱 | E21: =VLOOKUP(D21,[1]清单!$D:$H,5,0) -> 个 | F21: 4 | G21: 19 | I21: 102 | J21: =I21*F21 -> 408
A22: 台州 | B22: =VLOOKUP(D22,[1]物资价格!$A:$B,2,0) -> 普通钢 | C22: =VLOOKUP(D22,[1]物资价格!$A:$C,3,0) -> 其他各类铁质为主的报废物资，例如：走线架、空柜体、机架、电池架、空调防盗网、整流机架、充电电源柜等。 | D22: 综合柜 | E22: =VLOOKUP(D22,[1]清单!$D:$H,5,0) -> 个 | F22: 1 | G22: 55 | I22: 1980元/吨 | J22: =1980/1000*G22 -> 108.9
A23: 台州 | B23: =VLOOKUP(D23,[1]物资价格!$A:$B,2,0) -> 普通钢 | C23: =VLOOKUP(D23,[1]物资价格!$A:$C,3,0) -> 其他各类铁质为主的报废物资，例如：走线架、空柜体、机架、电池架、空调防盗网、整流机架、充电电源柜等。 | D23: 走线架 | E23: =VLOOKUP(D23,[1]清单!$D:$H,5,0) -> 个 | F23: 2 | G23: 27 | I23: 1980元/吨 | J23: =1980/1000*G23 -> 53.46
A24: 台州 | B24: =VLOOKUP(D24,[1]物资价格!$A:$B,2,0) -> 较高的柜体 | C24: =VLOOKUP(D24,[1]物资价格!$A:$C,3,0) -> 开关电源、变换设备 | D24: 组合开关电源柜 | E24: =VLOOKUP(D24,[1]清单!$D:$H,5,0) -> 架 | F24: 7 | H24: 0.33 | I24: 489.47 | J24: 3426.29
A25: 宁波 | B25: 机房空调设备-空调 | C25: 3匹空调 | D25: 3P空调仅有室外机 | E25: 台 | F25: 1 | I25: 489 | J25: =I25*F25 -> 489 | K25: 无铜管
A26: 宁波 | B26: 机房空调设备-空调 | C26: 3匹空调 | D26: 3P空调无铜管 | E26: 个 | F26: 1 | I26: 769 | J26: =I26*F26 -> 769 | K26: 无铜管
A27: 宁波 | B27: 机房空调设备-空调 | C27: 3匹空调 | D27: 3P空调无铜管 | E27: 台 | F27: 19 | I27: 769 | J27: =I27*F27 -> 14611 | K27: 无铜管
A28: 宁波 | B28: 机房空调设备-空调 | C28: 壁挂空调 | D28: 2P空调无铜管 | E28: 台 | F28: 4 | I28: 413 | J28: =I28*F28 -> 1652 | K28: 无铜管
A29: 宁波 | B29: 较高的柜体 | C29: 开关电源、变换设备 | D29: 组合开关电源柜 | E29: 个 | F29: 30 | H29: 0 | I29: 173 | J29: =I29*F29 -> 5190 | K29: 无配件
A30: 宁波 | B30: 配电箱类 | C30: 包括各种壁挂配电箱、油机转换箱、燃油箱、发电设备控制柜等 | D30: 电表箱 | E30: 个 | F30: 2 | I30: 102 | J30: =I30*F30 -> 204 | K30: 250mmx400mmx140mm
A31: 宁波 | B31: 配电箱类 | C31: 包括各种壁挂配电箱、油机转换箱、燃油箱、发电设备控制柜等 | D31: 电表箱 | E31: 个 | F31: 2 | I31: 102 | J31: =I31*F31 -> 204 | K31: 无配件
A32: 宁波 | B32: 配电箱类 | C32: 包括各种壁挂配电箱、油机转换箱、燃油箱、发电设备控制柜等 | D32: 配电箱 | E32: 个 | F32: 6 | I32: 102 | J32: =I32*F32 -> 612 | K32: 无配件
A33: 宁波 | B33: 其他小件物资 | C33: 动力及环境监控组件 | D33: 动环监控 | E33: 套 | F33: 9 | I33: 16 | J33: =I33*F33 -> 144 | K33: 无配件
A34: 宁波 | B34: 一体化机柜 | C34: 一体化机柜（风扇型） | D34: 一体化机柜（风扇型） | E34: 个 | F34: 2 | I34: 155 | J34: =I34*F34 -> 310 | K34: 无配件
A35: 宁波 | B35: 电力电缆 | C35: 铝缆类 | D35: 铝芯电缆 | E35: 米 | F35: 11 | G35: 11 | H35: 0.5 | I35: 17160元/吨×出铝率 | J35: =17160/1000*H35*G35 -> 94.38
A36: 宁波 | B36: 电力电缆 | C36: 铜缆类 | D36: 铜芯电缆 | E36: 米 | F36: 1 | G36: 1 | H36: 0.5 | I36: 70210元/吨×出铜率 | J36: =70210/1000*H36*G36 -> 35.105
A37: 宁波 | B37: 普通钢 | C37: 其他各类铁质为主的报废物资，例如：走线架、空柜体、机架、电池架、空调防盗网、整流机架、充电电源柜等。 | D37: 壁挂式开关电源 | E37: 个 | F37: 4 | G37: 80 | I37: 1980元/吨 | J37: =1980/1000*G37 -> 158.4 | K37: 无配件
A38: 宁波 | B38: 普通钢 | C38: 其他各类铁质为主的报废物资，例如：走线架、空柜体、机架、电池架、空调防盗网、整流机架、充电电源柜等。 | D38: 传感器 | E38: 个 | F38: 2 | G38: 1 | I38: 1980元/吨 | J38: =1980/1000*G38 -> 1.98 | K38: 无配件
A39: 宁波 | B39: 普通钢 | C39: 其他各类铁质为主的报废物资，例如：走线架、空柜体、机架、电池架、空调防盗网、整流机架、充电电源柜等。 | D39: 电表 | E39: 个 | F39: 1 | G39: 1 | I39: 1980元/吨 | J39: =1980/1000*G39 -> 1.98 | K39: 无配件
A40: 宁波 | B40: 普通钢 | C40: 其他各类铁质为主的报废物资，例如：走线架、空柜体、机架、电池架、空调防盗网、整流机架、充电电源柜等。 | D40: 电控锁 | E40: 个 | F40: 1 | G40: 1 | I40: 1980元/吨 | J40: =1980/1000*G40 -> 1.98 | K40: 无配件
A41: 宁波 | B41: 普通钢 | C41: 其他各类铁质为主的报废物资，例如：走线架、空柜体、机架、电池架、空调防盗网、整流机架、充电电源柜等。 | D41: 供电计量设备 | E41: 个 | F41: 1 | G41: 1 | I41: 1980元/吨 | J41: =1980/1000*G41 -> 1.98 | K41: 无配件
A42: 宁波 | B42: 普通钢 | C42: 其他各类铁质为主的报废物资，例如：走线架、空柜体、机架、电池架、空调防盗网、整流机架、充电电源柜等。 | D42: 过压保护器 | E42: 面 | F42: 3 | G42: 3 | I42: 1980元/吨 | J42: =1980/1000*G42 -> 5.94 | K42: 无配件
A43: 宁波 | B43: 普通钢 | C43: 其他各类铁质为主的报废物资，例如：走线架、空柜体、机架、电池架、空调防盗网、整流机架、充电电源柜等。 | D43: 空调控制器 | E43: 个 | F43: 3 | G43: 2 | I43: 1980元/吨 | J43: =1980/1000*G43 -> 3.96 | K43: 无配件
A44: 宁波 | B44: 普通钢 | C44: 其他各类铁质为主的报废物资，例如：走线架、空柜体、机架、电池架、空调防盗网、整流机架、充电电源柜等。 | D44: 门锁 | E44: 个 | F44: 1 | G44: 1 | I44: 1980元/吨 | J44: =1980/1000*G44 -> 1.98 | K44: 无配件
A45: 宁波 | B45: 普通钢 | C45: 其他各类铁质为主的报废物资，例如：走线架、空柜体、机架、电池架、空调防盗网、整流机架、充电电源柜等。 | D45: 模块 | E45: 个 | F45: 4 | G45: 8 | I45: 1980元/吨 | J45: =1980/1000*G45 -> 15.84 | K45: 无配件
A46: 宁波 | B46: 普通钢 | C46: 其他各类铁质为主的报废物资，例如：走线架、空柜体、机架、电池架、空调防盗网、整流机架、充电电源柜等。 | D46: 逆变器 | E46: 台 | F46: 1 | G46: 1 | I46: 1980元/吨 | J46: =1980/1000*G46 -> 1.98 | K46: 无配件
A47: 宁波 | B47: 普通钢 | C47: 其他各类铁质为主的报废物资，例如：走线架、空柜体、机架、电池架、空调防盗网、整流机架、充电电源柜等。 | D47: 嵌入式开关电源 | E47: 套 | F47: 13 | G47: 195 | I47: 1980元/吨 | J47: =1980/1000*G47 -> 386.1 | K47: 无配件
A48: 宁波 | B48: 普通钢 | C48: 其他各类铁质为主的报废物资，例如：走线架、空柜体、机架、电池架、空调防盗网、整流机架、充电电源柜等。 | D48: 熔断器 | E48: 个 | F48: 1 | G48: 1 | I48: 1980元/吨 | J48: =1980/1000*G48 -> 1.98 | K48: 无配件
... A51: 宁波 | B51: 普通钢 | C51: 其他各类铁质为主的报废物资，例如：走线架、空柜体、机架、电池架、空调防盗网、整流机架、充电电源柜等。 | D51: 走线架 | E51: 个 | F51: 1 | G51: 15 | I51: 1980元/吨 | J51: =1980/1000*G51 -> 29.7 | K51: 无配件
A52: 金华 | B52: 3P空调 | C52: 内外机成套 | E52: 套 | F52: 18 | G52: / | H52: / | I52: 769 | J52: =I52*F52 -> 13842 | K52: 缺铜管
A53: 金华 | B53: 壁挂空调 | C53: 内外机成套 | E53: 套 | F53: 1 | G53: / | H53: / | I53: 413 | J53: =I53*F53 -> 413 | K53: 缺铜管
A54: 金华 | B54: 电表箱 | C54: / | E54: 个 | F54: 1 | G54: 1.5 | H54: / | I54: 102 | J54: 102
A55: 金华 | B55: 电控锁 | C55: / | E55: 根 | F55: 2 | G55: 5 | H55: / | I55: 1980元/吨 | J55: =1980/1000*G55 -> 9.9
A56: 金华 | B56: 动环监控 | C56: / | E56: 根 | F56: 36 | G56: 126 | H56: / | I56: 16 | J56: =I56*F56 -> 576
A57: 金华 | B57: 断路器 | C57: / | E57: 个 | F57: 6 | G57: 0.6 | H57: / | I57: 1980元/吨 | J57: =1980/1000*G57 -> 1.188
A58: 金华 | B58: 防盗门 | C58: / | E58: 个 | F58: 1 | G58: 10 | H58: / | I58: 1980元/吨 | J58: =1980/1000*G58 -> 19.8
A59: 金华 | B59: 供电计量设备 | C59: / | E59: 个 | F59: 2 | G59: 0.4 | H59: / | I59: 1980元/吨 | J59: =1980/1000*G59 -> 0.792
A60: 金华 | B60: 霍尔传感器 | C60: / | E60: 个 | F60: 6 | G60: 1.8 | H60: / | I60: 1980元/吨 | J60: =1980/1000*G60 -> 3.564
A61: 金华 | B61: 交流配电箱 | C61: 小箱体 | E61: 个 | F61: 11 | G61: / | H61: / | I61: 102 | J61: =I61*F61 -> 1122
A62: 金华 | B62: 空调控制器 | C62: / | E62: 个 | F62: 13 | G62: 13 | H62: / | I62: 1980元/吨 | J62: =1980/1000*G62 -> 25.74
A63: 金华 | B63: 门禁配套物资电源转换模块 | C63: / | E63: 个 | F63: 8 | G63: 2 | H63: / | I63: 1980元/吨 | J63: =1980/1000*G63 -> 3.96
A64: 金华 | B64: 模块 | C64: / | E64: 个 | F64: 14 | G64: 21 | H64: / | I64: 1980元/吨 | J64: =1980/1000*G64 -> 41.58
A65: 金华 | B65: 配套综合柜 | C65: 铁柜 | E65: 个 | F65: 1 | G65: 20 | H65: / | I65: 1980元/吨 | J65: =1980/1000*G65 -> 39.6
A66: 金华 | B66: 嵌入式开关电源 | C66: / | E66: 个 | F66: 8 | G66: 188 | H66: / | I66: 1980元/吨 | J66: =1980/1000*G66 -> 372.24 | K66: 缺模块
A67: 金华 | B67: 油机转换箱 | C67: / | E67: 个 | F67: 1 | G67: / | H67: / | I67: 102 | J67: 102
A68: 金华 | B68: 直流计量终端6分路 | C68: / | E68: 个 | F68: 1 | G68: 1 | H68: / | I68: 1980元/吨 | J68: =1980/1000*G68 -> 1.98
A69: 金华 | B69: 直流配电设备 | C69: / | E69: 个 | F69: 2 | G69: 5 | H69: / | I69: 5.37 | J69: 26.85
A70: 金华 | B70: 走线架 | C70: / | E70: 个 | F70: 9 | G70: 90 | H70: / | I70: 1980元/吨 | J70: =1980/1000*G70 -> 178.2
A71: 金华 | B71: 组合式开关电源 | C71: / | E71: 架 | F71: 72 | G71: / | H71: 0.4 | I71: 556.6 | J71: 40075.2 | K71: 缺模块
A72: 金华 | B72: 电力电缆（铜） | C72: 铜线 | E72: 根 | F72: 22 | G72: 51 | H72: 0.3 | I72: 70210元/吨×出铜率 | J72: =70210/1000*H72*G72 -> 1074.213
A73: 金华 | B73: 电力电缆（铝） | C73: 铝线 | E73: 根 | F73: 12 | G73: 91 | H73: 0.3 | I73: 17160元/吨×出铝率 | J73: =17160/1000*H73*G73 -> 468.468
A74: 金华 | B74: 接地汇流条 | C74: 铜条 | E74: 根 | F74: 3 | G74: 1.5 | H74: 0.9 | I74: 70210元/吨×出铜率 | J74: =70210/1000*90%*G74 -> 94.7835
A75: 金华 | B75: 接地铜牌 | C75: 铜牌 | E75: 个 | F75: 4 | G75: 6 | H75: 0.9 | I75: 70210元/吨×出铜率 | J75: =70210/1000*90%*G75 -> 379.134
A76: 金华 | B76: 接地汇流排 | C76: 铁牌 | E76: 个 | F76: 7 | G76: 7 | H76: / | I76: 1980元/吨 | J76: =1980/1000*G76 -> 13.86
A77: 杭州 | B77: 普通钢 | C77: 标牌标签 | E77: 个 | F77: 1 | G77: 0.183 | I77: 1980元/吨 | J77: =1980/1000*G77 -> 0.36234
A78: 杭州 | B78: 普通钢 | C78: 电表 | E78: 个 | F78: 1 | G78: 0.724 | I78: 1980元/吨 | J78: =1980/1000*G78 -> 1.43352
A79: 杭州 | B79: 电力电缆 | C79: 铝芯电缆 | E79: 千克 | F79: 678.5 | G79: 678.5 | H79: 出铝率40% | I79: 17160元/吨×出铝率 | J79: =17160/1000*40%*G79 -> 4657.224
A80: 杭州 | B80: 普通钢 | C80: 断路器 | E80: 个 | F80: 2 | G80: 0.78 | I80: 1980元/吨 | J80: =1980/1000*G80 -> 1.5444
A81: 杭州 | B81: 普通钢 | C81: RRU | E81: 个 | F81: 4 | G81: 191.5 | I81: 1980元/吨 | J81: =1980/1000*G81 -> 379.17
A82: 杭州 | B82: 较高的柜体 | C82: 机柜内含嵌入式开关电源 | E82: 个 | F82: 7 | G82: 860 | H82: 平均完整度8.6% | J82: 2007.24
A83: 杭州 | B83: 一体化机柜 | C83: 一体化机柜（空调型） | E83: 个 | F83: 1 | G83: 0 | I83: 203 | J83: 203
A84: 杭州 | B84: 普通钢 | C84: 综合柜 | E84: 个 | F84: 1 | G84: 61.5 | I84: 1980元/吨 | J84: =1980/1000*G84 -> 121.77
A85: 杭州 | B85: 其他小件物资 | C85: 动环监控 | E85: 个 | F85: 39 | G85: 0 | I85: 16 | J85: =I85*F85 -> 624 | K85: 纯主机无辅材
A86: 杭州 | B86: 普通钢 | C86: 模块 | E86: 个 | F86: 13 | G86: 23.863 | I86: 1980元/吨 | J86: =1980/1000*G86 -> 47.24874
A87: 杭州 | B87: 配电箱类 | C87: 配电箱 | E87: 个 | F87: 6 | G87: 0 | I87: 102 | J87: =102*F87 -> 612
A88: 杭州 | B88: 普通钢 | C88: 壁挂式开关电源 | E88: 架 | F88: 3 | G88: 99 | I88: 1980元/吨 | J88: =1980/1000*G88 -> 196.02
A89: 杭州 | B89: 普通钢 | C89: 嵌入式开关电源 | E89: 架 | F89: 7 | G89: 63.5 | I89: 1980元/吨 | J89: =1980/1000*G89 -> 125.73 | K89: 其中2个替换处置
A90: 杭州 | B90: 较高的柜体 | C90: 组合开关电源柜 | E90: 架 | F90: 14 | G90: 0 | H90: 平均完整度16% | J90: 4570.16
A91: 杭州 | B91: 机房空调设备-空调 | C91: 2P空调无铜管 | E91: 台 | F91: 1 | G91: 0 | I91: 413 | J91: =I91 -> 413
A92: 杭州 | B92: 机房空调设备-空调 | C92: 3P空调无铜管 | E92: 台 | F92: 12 | G92: 0 | I92: 769 | J92: =I92*F92 -> 9228
A93: 杭州 | B93: 普通钢 | C93: 空调控制器 | E93: 个 | F93: 2 | G93: 1.148 | I93: 1980元/吨 | J93: =1980/1000*G93 -> 2.27304
A94: 杭州 | B94: 铜制品 | C94: 铜管 | E94: 千克 | F94: 16 | G94: 16 | H94: 出铜率70% | I94: 70210元/吨×出铜率 | J94: =70210/1000*70%*G94 -> 786.352
A95: 杭州 | B95: 普通钢 | C95: 智能通风设备 | E95: 个 | F95: 1 | G95: 18.5 | I95: 1980元/吨 | J95: =1980/1000*G95 -> 36.63

Sheet 杭州
A1: 序号 | B1: 报废批复文号 | C1: 资产编号 | D1: 资产名称 | E1: 资产类别名称 | F1: 资产原值 （元，不含税） | G1: 资产净值 （元，不含税） | H1: 累计折旧 | I1: 资产数量 | J1: 计量单位 | K1: 单节电池电压 | L1: 规格型号 | M1: 生产厂家 | N1: 站点名称 | O1: 站点编码 | P1: 备注 | Q1: 中通库K3编号 | R1: 报废批复文号（省公司） | S1: 对应估值清单的分类描述(人工调整资产名称） | T1: 资产类别名称 | U1: 物资称重（kg) | V1: 完整度/出铜（铝）率 | W1: 计量方式 | X1: 计量单位 | Y1: 说明
A2: 1 | B2: 杭州市分公司2025年第十次党委会纪要-杭州铁塔党委会纪要(2025)第12期 | C2: 330100193824 | D2: 标签标牌 | E2: 标签标牌 | F2: 461.67 | G2: 315.58 | H2: 146.09 | I2: 1 | J2: 个 | L2: 标签标牌 | M2: 无 | N2: 杭州江干建华三区南 | O2: 330104500000000369 | Q2: 无*标签标牌**杭州江干建华三区南*330104500000000369*0.183kg*330100193824*批*废旧 | S2: 标牌标签 | T2: 普通钢 | U2: 0.183 | W2: 重量计算 | X2: 个
A3: 2 | B3: 杭州市分公司2025年第十次党委会纪要-杭州铁塔党委会纪要(2025)第12期 | C3: 330100301879 | D3: 电表 | E3: 电表 | F3: 986 | G3: 539.44 | H3: 446.56 | I3: 1 | J3: 个 | L3: 智能电表 | M3: 无 | N3: 余杭凤都开发区 | O3: 330110908000000445 | Q3: 无*智能电表**余杭凤都开发区*330110908000000445*0.724kg*330100301879*批*废旧 | S3: 电表 | T3: 普通钢 | U3: 0.724 | W3: 重量计算 | X3: 个
A4: 3 | B4: 杭州市分公司2025年第十次党委会纪要-杭州铁塔党委会纪要(2025)第12期 | C4: 330100280063 | D4: 电缆 | E4: 电缆 | F4: 2520 | G4: 1113 | H4: 1407 | I4: 1.5 | J4: 千克 | L4: 铝缆4芯 | M4: 无 | N4: 杭州光彩国际中心LY南面人行道入口GF40度185度D | O4: 330104500000001982 | P4: 出铝率40% | Q4: 无*铝缆4芯*出铝率40%*杭州光彩国际中心LY南面人行道入口GF40度185度D*330104500000001982*平均凑整1.5kg*330100280063*批*废旧 | S4: 铝芯电缆 | T4: 电力电缆 | U4: 1.5 | V4: 出铝率40% | W4: 重量计算 | X4: 千克
A5: 4 | B5: 杭州市分公司2025年第十次党委会纪要-杭州铁塔党委会纪要(2025)第12期 | C5: 330100193823 | D5: 电缆 | E5: 电缆 | F5: 14691.44 | G5: 3053.35 | H5: 11638.09 | I5: 2 | J5: 千克 | L5: 铝缆4芯 | M5: 无 | N5: 杭州江干建华三区南 | O5: 330104500000000369 | P5: 出铝率40% | Q5: 无*铝缆4芯*出铝率40%*杭州江干建华三区南*330104500000000369*平均2kg*330100193823*批*废旧 | S5: 铝芯电缆 | T5: 电力电缆 | U5: 2 | V5: 出铝率40% | W5: 重量计算 | X5: 千克
A6: 5 | B6: 杭州市分公司2025年第十次党委会纪要-杭州铁塔党委会纪要(2025)第12期 | C6: 330100325254 | D6: 电缆 | E6: 电缆 | F6: 7678.67 | G6: 4846.68 | H6: 2831.99 | I6: 2 | J6: 千克 | L6: 铝缆4芯 | M6: 无 | N6: 杭州江干建华三区南 | O6: 330104500000000369 | P6: 出铝率40% | Q6: 无*铝缆4芯*出铝率40%*杭州江干建华三区南*330104500000000369*平均2kg*330100325254*批*废旧 | S6: 铝芯电缆 | T6: 电力电缆 | U6: 2 | V6: 出铝率40% | W6: 重量计算 | X6: 千克
A7: 6 | B7: 杭州市分公司2025年第十次党委会纪要-杭州铁塔党委会纪要(2025)第12期 | C7: 330100133657 | D7: 电缆 | E7: 电缆 | F7: 1752.52 | G7: 151.73 | H7: 1600.79 | I7: 26.5 | J7: 千克 | L7: 铝缆-4芯 | M7: 无 | N7: 建德裘村 | O7: 330182908000000522 | P7: 出铝率40% | Q7: 无*铝缆-4芯*出铝率40%*建德裘村*330182908000000522*26.5kg*330100133657*批*废旧 | S7: 铝芯电缆 | T7: 电力电缆 | U7: 26.5 | V7: 出铝率40% | W7: 重量计算 | X7: 千克
A8: 7 | B8: 杭州市分公司2025年第十次党委会纪要-杭州铁塔党委会纪要(2025)第12期 | C8: 330100260392 | D8: 电缆 | E8: 电缆 | F8: 7207.09 | G8: 3057.19 | H8: 4149.9 | I8: 104 | J8: 千克 | L8: 铝缆-4芯 | M8: 无 | N8: 临安工商大楼 | O8: 330185908000000004 | P8: 出铝率40% | Q8: 无*铝缆-4芯*出铝率40%*临安工商大楼*330185908000000004*平均104kg*330100260392*批*废旧 | S8: 铝芯电缆 | T8: 电力电缆 | U8: 104 | V8: 出铝率40% | W8: 重量计算 | X8: 千克
A9: 8 | B9: 杭州市分公司2025年第十次党委会纪要-杭州铁塔党委会纪要(2025)第12期 | C9: 330100133547 | D9: 电缆 | E9: 电缆 | F9: 6872.54 | G9: 595.06 | H9: 6277.48 | I9: 104 | J9: 千克 | L9: 铝缆-4芯 | M9: 无 | N9: 临安杭机集团 | O9: 330185908000000777 | P9: 出铝率40% | Q9: 无*铝缆-4芯*出铝率40%*临安杭机集团*330185908000000777*平均104kg*330100133547*批*废旧 | S9: 铝芯电缆 | T9: 电力电缆 | U9: 104 | V9: 出铝率40% | W9: 重量计算 | X9: 千克
A10: 9 | B10: 杭州市分公司2024年第二十六次党委会纪要-杭州铁塔党委会纪要(2024)第28期 | C10: 330100338943 | D10: 电缆 | E10: 电缆 | F10: 26228.23 | G10: 19216.67 | H10: 7011.56 | I10: 104 | J10: 千克 | L10: 铝缆-4芯 | M10: 无 | N10: 临安浪口 | O10: 330185908000000714 | P10: 出铝率40% | Q10: 无*铝缆-4芯*出铝率40%*临安浪口*330185908000000714*平均104kg*330100338943*批*废旧 | S10: 铝芯电缆 | T10: 电力电缆 | U10: 104 | V10: 出铝率40% | W10: 重量计算 | X10: 千克
A11: 10 | B11: 杭州市分公司2025年第十次党委会纪要-杭州铁塔党委会纪要(2025)第12期 | C11: 330100257644 | D11: 电缆 | E11: 电缆 | F11: 60910.64 | G11: 24328.23 | H11: 36582.41 | I11: 104 | J11: 千克 | L11: 铝缆-4芯 | M11: 无 | N11: 临安同人山庄 | O11: 330185500000001750 | P11: 出铝率40% | Q11: 无*铝缆-4芯*出铝率40%*临安同人山庄*330185500000001750*平均104kg*330100257644*批*废旧 | S11: 铝芯电缆 | T11: 电力电缆 | U11: 104 | V11: 出铝率40% | W11: 重量计算 | X11: 千克
A12: 11 | B12: 杭州市分公司2024年第二十六次党委会纪要-杭州铁塔党委会纪要(2024)第28期 | C12: 330100134128 | D12: 电缆 | E12: 电缆 | F12: 21678.75 | G12: 3278.88 | H12: 18399.87 | I12: 104 | J12: 千克 | L12: 铝缆-4芯 | M12: 无 | N12: 临安外珠西 | O12: 330185500000000369 | P12: 出铝率40% | Q12: 无*铝缆-4芯*出铝率40%*临安外珠西*330185500000000369*平均104kg*330100134128*批*废旧 | S12: 铝芯电缆 | T12: 电力电缆 | U12: 104 | V12: 出铝率40% | W12: 重量计算 | X12: 千克
A13: 12 | B13: 杭州市分公司2025年第十次党委会纪要-杭州铁塔党委会纪要(2025)第12期 | C13: 330100324821 | D13: 电缆 | E13: 电缆 | F13: 12540.53 | G13: 7829.65 | H13: 4710.88 | I13: 106.5 | J13: 千克 | L13: 铝缆-4芯 | M13: 无 | N13: 临安中天郡府 | O13: 330185500000001775 | P13: 出铝率40% | Q13: 无*铝缆-4芯*出铝率40%*临安中天郡府*330185500000001775*平均凑整106.5kg*330100324821*批*废旧 | S13: 铝芯电缆 | T13: 电力电缆 | U13: 106.5 | V13: 出铝率40% | W13: 重量计算 | X13: 千克
A14: 13 | B14: 杭州市分公司2025年第十次党委会纪要-杭州铁塔党委会纪要(2025)第12期 | C14: 330100132922 | D14: 电缆 | E14: 电缆 | F14: 2472.71 | G14: 214.07 | H14: 2258.64 | I14: 5 | J14: 千克 | L14: 铝缆-四芯 | M14: 无 | N14: 余杭白云深处 | O14: 330110908000000340 | P14: 出铝率40% | Q14: 无*铝缆-四芯*出铝率40%*余杭白云深处*330110908000000340*平均5kg*330100132922*批*废旧 | S14: 铝芯电缆 | T14: 电力电缆 | U14: 5 | V14: 出铝率40% | W14: 重量计算 | X14: 千克
A15: 14 | B15: 杭州市分公司2025年第十次党委会纪要-杭州铁塔党委会纪要(2025)第12期 | C15: 330100132509 | D15: 电缆 | E15: 电缆 | F15: 3201.12 | G15: 277.15 | H15: 2923.97 | I15: 5 | J15: 千克 | L15: 铝缆-四芯 | M15: 无 | N15: 余杭凤都开发区 | O15: 330110908000000445 | P15: 出铝率40% | Q15: 无*铝缆-四芯*出铝率40%*余杭凤都开发区*330110908000000445*平均5kg*330100132509*批*废旧 | S15: 铝芯电缆 | T15: 电力电缆 | U15: 5 | V15: 出铝率40% | W15: 重量计算 | X15: 千克
... A17: 16 | B17: 杭州市分公司2025年第十次党委会纪要-杭州铁塔党委会纪要(2025)第12期 | C17: 330100331461 | D17: 电缆 | E17: 电缆 | F17: 24145.82 | G17: 15858.21 | H17: 8287.61 | I17: 5 | J17: 千克 | L17: 铝缆-四芯 | M17: 无 | N17: 余杭凤都开发区 | O17: 330110908000000445 | P17: 出铝率40% | Q17: 无*铝缆-四芯*出铝率40%*余杭凤都开发区*330110908000000445*平均5kg*330100331461*批*废旧 | S17: 铝芯电缆 | T17: 电力电缆 | U17: 5 | V17: 出铝率40% | W17: 重量计算 | X17: 千克
A18: 17 | B18: 杭州市分公司2025年第十次党委会纪要-杭州铁塔党委会纪要(2025)第12期 | C18: 330100253195 | D18: 断路器 | E18: 断路器 | F18: 18.61 | G18: 0.56 | H18: 18.05 | I18: 1 | J18: 个 | L18: 断路器 | M18: 无 | N18: 杭州新鼎红娱乐城LY南山路红泥砂锅 | O18: 330102700000084435 | Q18: 无*断路器**杭州新鼎红娱乐城LY南山路红泥砂锅*330102700000084435*0.5kg*330100253195*批*废旧 | S18: 断路器 | T18: 普通钢 | U18: 0.5 | W18: 重量计算 | X18: 个
A19: 18 | B19: 杭州市分公司2025年第十次党委会纪要-杭州铁塔党委会纪要(2025)第12期 | C19: 330100291219 | D19: 断路器 | E19: 断路器 | F19: 12.64 | G19: 2.44 | H19: 10.2 | I19: 1 | J19: 个 | L19: 断路器63A | M19: 无 | N19: 余杭凤都开发区 | O19: 330110908000000445 | Q19: 无*断路器63A**余杭凤都开发区*330110908000000445*0.28kg*330100291219*批*废旧 | S19: 断路器 | T19: 普通钢 | U19: 0.28 | W19: 重量计算 | X19: 个
A20: 19 | B20: 杭州市分公司2025年第十次党委会纪要-杭州铁塔党委会纪要(2025)第12期 | C20: 330100228494 | D20: 废旧RRU架 | E20: 废旧RRU架 | F20: 1636.79 | G20: 49.1 | H20: 1587.69 | I20: 1 | J20: 个 | L20: 室内RRU安装架 | M20: 无 | N20: 建德裘村 | O20: 330182908000000522 | Q20: 无*室内RRU安装架**建德裘村*330182908000000522*52.5kg*330100228494*批*废旧 | S20: RRU | T20: 普通钢 | U20: 52.5 | W20: 重量计算 | X20: 个
A21: 20 | B21: 杭州市分公司2025年第十次党委会纪要-杭州铁塔党委会纪要(2025)第12期 | C21: 330100252595 | D21: 废旧RRU架 | E21: 废旧RRU架 | F21: 67686.98 | G21: 46895.88 | H21: 20791.1 | I21: 1 | J21: 个 | L21: 室内型 | M21: 无 | N21: 临安锦南街道医高专学校2 | O21: 330185500000000198 | Q21: 无*室内型**临安锦南街道医高专学校2*330185500000000198*48kg*330100252595*批*废旧 | S21: RRU | T21: 普通钢 | U21: 48 | W21: 重量计算 | X21: 个
A22: 21 | B22: 杭州市分公司2025年第十次党委会纪要-杭州铁塔党委会纪要(2025)第12期 | C22: 330100230836 | D22: 废旧RRU架 | E22: 废旧RRU架 | F22: 1642.17 | G22: 49.27 | H22: 1592.9 | I22: 1 | J22: 个 | L22: 室内型 | M22: 无 | N22: 余杭白云深处 | O22: 330110908000000340 | Q22: 无*室内型**余杭白云深处*330110908000000340*47.5kg*330100230836*批*废旧 | S22: RRU | T22: 普通钢 | U22: 47.5 | W22: 重量计算 | X22: 个
A23: 22 | B23: 杭州市分公司2025年第十次党委会纪要-杭州铁塔党委会纪要(2025)第12期 | C23: 330100231569 | D23: 废旧RRU架 | E23: 废旧RRU架 | F23: 1642.17 | G23: 49.27 | H23: 1592.9 | I23: 1 | J23: 个 | L23: 室内型 | M23: 无 | N23: 余杭凤都开发区 | O23: 330110908000000445 | Q23: 无*室内型**余杭凤都开发区*330110908000000445*43.5kg*330100231569*批*废旧 | S23: RRU | T23: 普通钢 | U23: 43.5 | W23: 重量计算 | X23: 个
A24: 23 | B24: 杭州市分公司2025年第十次党委会纪要-杭州铁塔党委会纪要(2025)第12期 | C24: 330100265410 | D24: 机柜 | E24: 机柜 | F24: 9918.99 | G24: 835.51 | H24: 9083.48 | I24: 1 | J24: 个 | L24: 一体化电源柜（风扇型） | M24: 无 | N24: 杭州花园村六区-2 | O24: 330104700000084775 | P24: 含嵌入式电源，模块数量1个 | Q24: 无*一体化电源柜（风扇型）*含嵌入式电源，模块数量1个*杭州花园村六区-2*330104700000084775*79kg/完整度10%*330100265410*批*废旧 | S24: 机柜内含嵌入式开关电源 | T24: 较高的柜体 | U24: 79 | V24: 完整度10% | W24: 重量计算 | X24: 个
A25: 24 | B25: 杭州市分公司2025年第十次党委会纪要-杭州铁塔党委会纪要(2025)第12期 | C25: 330100193820 | D25: 机柜 | E25: 机柜 | F25: 20004.63 | G25: 600.14 | H25: 19404.49 | I25: 1 | J25: 个 | L25: 一体化电源柜（空调型） | M25: 无 | N25: 杭州江干建华三区南 | O25: 330104500000000369 | P25: 含嵌入式电源，模块数量1个 | Q25: 无*一体化电源柜（空调型）*含嵌入式电源，模块数量1个*杭州江干建华三区南*330104500000000369*165kg/完整度10%*330100193820*批*废旧 | S25: 机柜内含嵌入式开关电源 | T25: 较高的柜体 | U25: 165 | V25: 完整度10% | W25: 重量计算 | X25: 个
A26: 25 | B26: 杭州市分公司2025年第十次党委会纪要-杭州铁塔党委会纪要(2025)第12期 | C26: 330100169053 | D26: 机柜 | E26: 机柜 | F26: 19481.75 | G26: 584.45 | H26: 18897.3 | I26: 1 | J26: 个 | L26: 一体化电源柜风扇型 | M26: 无 | N26: 建德移动三都上塘 | O26: 330182500000000044 | P26: 含嵌入式开关电源，1个模块 | Q26: 无*一体化电源柜风扇型*含嵌入式开关电源，1个模块*建德移动三都上塘*330182500000000044*120.5kg/完整度10%*330100169053*批*废旧 | S26: 机柜内含嵌入式开关电源 | T26: 较高的柜体 | U26: 120.5 | V26: 完整度10% | W26: 重量计算 | X26: 个
A27: 26 | B27: 杭州市分公司2025年第十次党委会纪要-杭州铁塔党委会纪要(2025)第12期 | C27: 330100204796 | D27: 机柜 | E27: 机柜 | F27: 48013.13 | G27: 1440.39 | H27: 46572.74 | I27: 1 | J27: 个 | L27: 一体化机柜（风扇型） | M27: 无 | N27: 建德梅城四峰村2 | O27: 330182500000000078 | P27: 含嵌入式开关电源，1个模块 | Q27: 无*一体化机柜（风扇型）*含嵌入式开关电源，1个模块*建德梅城四峰村2*330182500000000078*111.5kg/完整度10%*330100204796*批*废旧 | S27: 机柜内含嵌入式开关电源 | T27: 较高的柜体 | U27: 111.5 | V27: 完整度10% | W27: 重量计算 | X27: 个
A28: 27 | B28: 杭州市分公司2025年第十次党委会纪要-杭州铁塔党委会纪要(2025)第12期 | C28: 330100171188_1 | D28: 机柜 | E28: 机柜 | F28: 7418.86 | G28: 222.57 | H28: 7196.29 | I28: 1 | J28: 个 | L28: 一体化机柜（风扇型） | M28: 无 | N28: 天都城爵士花园 | O28: 330110500000000081 | P28: 含嵌入式开关电源，无模块 | Q28: 无*一体化机柜（风扇型）*含嵌入式开关电源，无模块*天都城爵士花园*330110500000000081*99.5kg/完整度5%*330100171188_1*批*废旧 | S28: 机柜内含嵌入式开关电源 | T28: 较高的柜体 | U28: 99.5 | V28: 完整度5% | W28: 重量计算 | X28: 个
A29: 28 | B29: 杭州市分公司2025年第七次党委会纪要-杭州铁塔党委会纪要(2025)第9期 | C29: 330100197389 | D29: 机柜 | E29: 机柜 | F29: 7819.64 | G29: 234.59 | H29: 7585.05 | I29: 1 | J29: 个 | L29: 一体化机柜（风扇型） | M29: 无 | N29: 余杭施家洋 | O29: 330110908000000195 | P29: 含嵌入式开关电源，无模块，实物拆成两部分 | Q29: 无*一体化机柜（风扇型）*含嵌入式开关电源，无模块，实物拆成两部分*余杭施家洋*330110908000000195*205kg/完整度5%*330100197389*批*废旧 | S29: 机柜内含嵌入式开关电源 | T29: 较高的柜体 | U29: 205 | V29: 完整度5% | W29: 重量计算 | X29: 个
A30: 29 | B30: 杭州市分公司2025年第十次党委会纪要-杭州铁塔党委会纪要(2025)第12期 | C30: 330100280061 | D30: 机柜 | E30: 机柜 | F30: 18208.48 | G30: 1954.42 | H30: 16254.06 | I30: 1 | J30: 个 | L30: 一体化机柜（空调型） | M30: 无 | N30: 杭州光彩国际中心LY南面人行道入口GF40度185度D | O30: 330104500000001982 | Q30: 无*一体化机柜（空调型）**杭州光彩国际中心LY南面人行道入口GF40度185度D*330104500000001982**330100280061*批*废旧 | S30: 一体化机柜（空调型） | T30: 一体化机柜 | W30: 数量计算 | X30: 个
A31: 30 | B31: 杭州市分公司2025年第十次党委会纪要-杭州铁塔党委会纪要(2025)第12期 | C31: 330100280591_1 | D31: 机柜 | E31: 机柜 | F31: 9363.73 | G31: 1290.55 | H31: 8073.18 | I31: 1 | J31: 个 | L31: 一体化机柜空调型-拆分-机柜柜体组件 | M31: 无 | N31: 建德市长途客运中心 | O31: 330182010000000121 | P31: 含嵌入式开关电源，1个模块 | Q31: 无*一体化机柜空调型-拆分-机柜柜体组件*含嵌入式开关电源，1个模块*建德市长途客运中心*330182010000000121*79.5kg/完整度10%*330100280591_1*批*废旧 | S31: 机柜内含嵌入式开关电源 | T31: 较高的柜体 | U31: 79.5 | V31: 完整度10% | W31: 重量计算 | X31: 个
A32: 31 | B32: 杭州市分公司2025年第十次党委会纪要-杭州铁塔党委会纪要(2025)第12期 | C32: 330100270701 | D32: 机柜 | E32: 机柜 | F32: 1447.18 | G32: 179.88 | H32: 1267.3 | I32: 1 | J32: 个 | L32: 综合柜 | M32: 无 | N32: 临安锦南街道医高专学校2 | O32: 330185500000000198 | Q32: 无*综合柜**临安锦南街道医高专学校2*330185500000000198*61.5kg*330100270701*批*废旧 | S32: 综合柜 | T32: 普通钢 | U32: 61.5 | W32: 重量计算 | X32: 个
A33: 32 | B33: 杭州市分公司2025年第十次党委会纪要-杭州铁塔党委会纪要(2025)第12期 | C33: 330100224930 | D33: 监控 | E33: 监控 | F33: 3675.99 | G33: 110.28 | H33: 3565.71 | I33: 1 | J33: 个 | L33: 动环监控 | M33: 无 | N33: 白石港绿化带 | O33: 330104500000000115 | P33: 纯主机，无辅材 | Q33: 无*动环监控*纯主机，无辅材*白石港绿化带*330104500000000115**330100224930*批*废旧 | S33: 动环监控 | T33: 其他小件物资 | W33: 数量计算 | X33: 个
A34: 33 | B34: 杭州市分公司2025年第十次党委会纪要-杭州铁塔党委会纪要(2025)第12期 | C34: 330100230306 | D34: 监控 | E34: 监控 | F34: 2582.04 | G34: 77.46 | H34: 2504.58 | I34: 1 | J34: 个 | L34: 动环监控 | M34: 无 | N34: 杭州东方电子商务园搬迁 | O34: 330104500000000375 | P34: 纯主机，无辅材 | Q34: 无*动环监控*纯主机，无辅材*杭州东方电子商务园搬迁*330104500000000375**330100230306*批*废旧 | S34: 动环监控 | T34: 其他小件物资 | W34: 数量计算 | X34: 个
A35: 34 | B35: 杭州市分公司2025年第十次党委会纪要-杭州铁塔党委会纪要(2025)第12期 | C35: 330100273669 | D35: 监控 | E35: 监控 | F35: 3541.44 | G35: 440.24 | H35: 3101.2 | I35: 1 | J35: 个 | L35: 动环监控 | M35: 无 | N35: 杭州东方电子商务园搬迁 | O35: 330104500000000375 | P35: 纯主机，无辅材 | Q35: 无*动环监控*纯主机，无辅材*杭州东方电子商务园搬迁*330104500000000375**330100273669*批*废旧 | S35: 动环监控 | T35: 其他小件物资 | W35: 数量计算 | X35: 个
A36: 35 | B36: 杭州市分公司2025年第十次党委会纪要-杭州铁塔党委会纪要(2025)第12期 | C36: 330100280060 | D36: 监控 | E36: 监控 | F36: 4540.69 | G36: 490.55 | H36: 4050.14 | I36: 1 | J36: 个 | L36: 动环监控 | M36: 无 | N36: 杭州光彩国际中心LY南面人行道入口GF40度185度D | O36: 330104500000001982 | P36: 纯主机，无辅材 | Q36: 无*动环监控*纯主机，无辅材*杭州光彩国际中心LY南面人行道入口GF40度185度D*330104500000001982**330100280060*批*废旧 | S36: 动环监控 | T36: 其他小件物资 | W36: 数量计算 | X36: 个
A37: 36 | B37: 杭州市分公司2025年第十次党委会纪要-杭州铁塔党委会纪要(2025)第12期 | C37: 330100265576 | D37: 监控 | E37: 监控 | F37: 15239.28 | G37: 1278.44 | H37: 13960.84 | I37: 1 | J37: 个 | L37: 动环监控 | M37: 无 | N37: 杭州江干德信之翼 | O37: 330104010000001870 | P37: 纯主机，无辅材 | Q37: 无*动环监控*纯主机，无辅材*杭州江干德信之翼*330104010000001870**330100265576*批*废旧 | S37: 动环监控 | T37: 其他小件物资 | W37: 数量计算 | X37: 个
A38: 37 | B38: 杭州市分公司2025年第七次党委会纪要-杭州铁塔党委会纪要(2025)第9期 | C38: 330100306206 | D38: 监控 | E38: 监控 | F38: 1035.35 | G38: 156.11 | H38: 879.24 | I38: 1 | J38: 个 | L38: 动环监控 | M38: 无 | N38: 杭州江干华润万家超市 | O38: 330104500000000062 | P38: 纯主机，无辅材 | Q38: 无*动环监控*纯主机，无辅材*杭州江干华润万家超市*330104500000000062**330100306206*批*废旧 | S38: 动环监控 | T38: 其他小件物资 | W38: 数量计算 | X38: 个
A39: 38 | B39: 杭州市分公司2025年第十次党委会纪要-杭州铁塔党委会纪要(2025)第12期 | C39: 330100193819 | D39: 监控 | E39: 监控 | F39: 4352.2 | G39: 130.57 | H39: 4221.63 | I39: 1 | J39: 个 | L39: 动环监控 | M39: 无 | N39: 杭州江干建华三区南 | O39: 330104500000000369 | P39: 纯主机，无辅材 | Q39: 无*动环监控*纯主机，无辅材*杭州江干建华三区南*330104500000000369**330100193819*批*废旧 | S39: 动环监控 | T39: 其他小件物资 | W39: 数量计算 | X39: 个
A40: 39 | B40: 杭州市分公司2025年第十次党委会纪要-杭州铁塔党委会纪要(2025)第12期 | C40: 330100203930 | D40: 监控 | E40: 监控 | F40: 4644.65 | G40: 139.34 | H40: 4505.31 | I40: 1 | J40: 个 | L40: 动环监控 | M40: 无 | N40: 杭州江干人民检察院 | O40: 33010401000153 | P40: 纯主机，无辅材 | Q40: 无*动环监控*纯主机，无辅材*杭州江干人民检察院*33010401000153**330100203930*批*废旧 | S40: 动环监控 | T40: 其他小件物资 | W40: 数量计算 | X40: 个
A41: 40 | B41: 杭州市分公司2025年第十次党委会纪要-杭州铁塔党委会纪要(2025)第12期 | C41: 330100279776 | D41: 监控 | E41: 监控 | F41: 92861.11 | G41: 4034.09 | H41: 88827.02 | I41: 1 | J41: 个 | L41: 动环监控 | M41: 无 | N41: 杭州江干亚包大厦 | O41: 330104010000001878 | P41: 纯主机，无辅材 | Q41: 无*动环监控*纯主机，无辅材*杭州江干亚包大厦*330104010000001878**330100279776*批*废旧 | S41: 动环监控 | T41: 其他小件物资 | W41: 数量计算 | X41: 个
A42: 41 | B42: 杭州市分公司2025年第十次党委会纪要-杭州铁塔党委会纪要(2025)第12期 | C42: 330100200030 | D42: 监控 | E42: 监控 | F42: 3813.07 | G42: 114.39 | H42: 3698.68 | I42: 1 | J42: 个 | L42: 动环监控 | M42: 无 | N42: 杭州江干御道路一号二期1 | O42: 330104500000000390 | P42: 纯主机，无辅材 | Q42: 无*动环监控*纯主机，无辅材*杭州江干御道路一号二期1*330104500000000390**330100200030*批*废旧 | S42: 动环监控 | T42: 其他小件物资 | W42: 数量计算 | X42: 个
A43: 42 | B43: 杭州市分公司2025年第七次党委会纪要-杭州铁塔党委会纪要(2025)第9期 | C43: 330100214950 | D43: 监控 | E43: 监控 | F43: 3604.32 | G43: 108.13 | H43: 3496.19 | I43: 1 | J43: 个 | L43: 动环监控 | M43: 无 | N43: 杭州九堡婴童用品城 | O43: 330104908000001293 | P43: 纯主机，无辅材 | Q43: 无*动环监控*纯主机，无辅材*杭州九堡婴童用品城*330104908000001293**330100214950*批*废旧 | S43: 动环监控 | T43: 其他小件物资 | W43: 数量计算 | X43: 个
A44: 43 | B44: 杭州市分公司2025年第十次党委会纪要-杭州铁塔党委会纪要(2025)第12期 | C44: 330100201516 | D44: 监控 | E44: 监控 | F44: 3565.59 | G44: 106.97 | H44: 3458.62 | I44: 1 | J44: 个 | L44: 动环监控 | M44: 无 | N44: 杭州九月庭院 | O44: 330104908000000403 | P44: 纯主机，无辅材 | Q44: 无*动环监控*纯主机，无辅材*杭州九月庭院*330104908000000403**330100201516*批*废旧 | S44: 动环监控 | T44: 其他小件物资 | W44: 数量计算 | X44: 个
... A71: 70 | B71: 杭州市分公司2025年第十次党委会纪要-杭州铁塔党委会纪要(2025)第12期 | C71: 330100225295 | D71: 监控 | E71: 监控 | F71: 2582.04 | G71: 77.46 | H71: 2504.58 | I71: 1 | J71: 个 | L71: 动环监控 | M71: 无 | N71: 余杭五常西溪花城 | O71: 330110500000000240 | P71: 纯主机无辅材 | Q71: 无*动环监控*纯主机无辅材*余杭五常西溪花城*330110500000000240**330100225295*批*废旧 | S71: 动环监控 | T71: 其他小件物资 | W71: 数量计算 | X71: 个
A72: 71 | B72: 杭州市分公司2025年第十次党委会纪要-杭州铁塔党委会纪要(2025)第12期 | C72: 330100232953 | D72: 监控模块 | E72: 监控模块 | F72: 467.52 | G72: 14.03 | H72: 453.49 | I72: 1 | J72: 个 | L72: 无线模块 | M72: 无 | N72: 临安锦南街道医高专学校2 | O72: 330185500000000198 | Q72: 无*无线模块**临安锦南街道医高专学校2*330185500000000198*0.184kg*330100232953*批*废旧 | S72: 模块 | T72: 普通钢 | U72: 0.184 | W72: 重量计算 | X72: 个
A73: 72 | B73: 杭州市分公司2025年第十次党委会纪要-杭州铁塔党委会纪要(2025)第12期 | C73: 330100193821 | D73: 交流配电箱 | E73: 交流配电箱 | F73: 796 | G73: 23.88 | H73: 772.12 | I73: 1 | J73: 个 | L73: 交流配电箱 | M73: 无 | N73: 杭州江干建华三区南 | O73: 330104500000000369 | Q73: 无*交流配电箱**杭州江干建华三区南*330104500000000369**330100193821*批*废旧 | S73: 配电箱 | T73: 配电箱类 | W73: 数量计算 | X73: 个
A74: 73 | B74: 杭州市分公司2025年第十次党委会纪要-杭州铁塔党委会纪要(2025)第12期 | C74: 330100118199 | D74: 交流配电箱 | E74: 交流配电箱 | F74: 4173.62 | G74: 125.21 | H74: 4048.41 | I74: 1 | J74: 个 | L74: 交流配电箱 | M74: 无 | N74: 建德裘村 | O74: 330182908000000522 | Q74: 无*交流配电箱**建德裘村*330182908000000522**330100118199*批*废旧 | S74: 配电箱 | T74: 配电箱类 | W74: 数量计算 | X74: 个
A75: 74 | B75: 杭州市分公司2025年第十次党委会纪要-杭州铁塔党委会纪要(2025)第12期 | C75: 330100205821 | D75: 交流配电箱 | E75: 交流配电箱 | F75: 4209.45 | G75: 126.28 | H75: 4083.17 | I75: 1 | J75: 个 | L75: 交流配电箱 | M75: 无 | N75: 临安锦南街道医高专学校2 | O75: 330185500000000198 | Q75: 无*交流配电箱**临安锦南街道医高专学校2*330185500000000198**330100205821*批*废旧 | S75: 配电箱 | T75: 配电箱类 | W75: 数量计算 | X75: 个
A76: 75 | B76: 杭州市分公司2025年第十次党委会纪要-杭州铁塔党委会纪要(2025)第12期 | C76: 330100162385 | D76: 交流配电箱 | E76: 交流配电箱 | F76: 5552.91 | G76: 166.59 | H76: 5386.32 | I76: 1 | J76: 个 | L76: 交流配电箱 | M76: 无 | N76: 临安太阳镇太阳工业区 | O76: 330185906000014060 | Q76: 无*交流配电箱**临安太阳镇太阳工业区*330185906000014060**330100162385*批*废旧 | S76: 配电箱 | T76: 配电箱类 | W76: 数量计算 | X76: 个
A77: 76 | B77: 杭州市分公司2025年第十次党委会纪要-杭州铁塔党委会纪要(2025)第12期 | C77: 330100311273 | D77: 交流配电箱 | E77: 交流配电箱 | F77: 1721.25 | G77: 515.43 | H77: 1205.82 | I77: 1 | J77: 个 | L77: 交流配电箱 | M77: 无 | N77: 富阳陆家村 | O77: 330183908000000271 | Q77: 无*交流配电箱**富阳陆家村*330183908000000271**330100311273*批*废旧 | S77: 配电箱 | T77: 配电箱类 | W77: 数量计算 | X77: 个
A78: 77 | B78: 杭州市分公司2025年第十次党委会纪要-杭州铁塔党委会纪要(2025)第12期 | C78: 330100159501 | D78: 交流配电箱 | E78: 交流配电箱 | F78: 3084.1 | G78: 92.52 | H78: 2991.58 | I78: 1 | J78: 个 | L78: 交流配电箱 | M78: 无 | N78: 余杭凤都开发区 | O78: 330110908000000445 | Q78: 无*交流配电箱**余杭凤都开发区*330110908000000445**330100159501*批*废旧 | S78: 配电箱 | T78: 配电箱类 | W78: 数量计算 | X78: 个
A79: 78 | B79: 杭州市分公司2025年第十次党委会纪要-杭州铁塔党委会纪要(2025)第12期 | C79: 330100183195 | D79: 开关电源 | E79: 开关电源 | F79: 3701.04 | G79: 111.03 | H79: 3590.01 | I79: 1 | J79: 架 | L79: 壁挂式 | M79: 无 | N79: 杭州江干天城国际 | O79: 330104500000000307 | P79: 模块数量1个 | Q79: 无*壁挂式*模块数量1个*杭州江干天城国际*330104500000000307*49kg*330100183195*批*废旧 | S79: 壁挂式开关电源 | T79: 普通钢 | U79: 49 | W79: 重量计算 | X79: 架
A80: 79 | B80: 杭州市分公司2025年第七次党委会纪要-杭州铁塔党委会纪要(2025)第9期 | C80: 330100114630 | D80: 开关电源 | E80: 开关电源 | F80: 10725 | G80: 321.75 | H80: 10403.25 | I80: 1 | J80: 架 | L80: 壁挂式 | M80: 无 | N80: 杭州九堡婴童用品城 | O80: 330104908000001293 | P80: 模块数量1个 | Q80: 无*壁挂式*模块数量1个*杭州九堡婴童用品城*330104908000001293*16.5kg*330100114630*批*废旧 | S80: 壁挂式开关电源 | T80: 普通钢 | U80: 16.5 | W80: 重量计算 | X80: 架
A81: 80 | B81: 杭州市分公司2025年第七次党委会纪要-杭州铁塔党委会纪要(2025)第9期 | C81: 330100223873 | D81: 开关电源 | E81: 开关电源 | F81: 6456.9 | G81: 193.71 | H81: 6263.19 | I81: 1 | J81: 架 | L81: 壁挂式 | M81: 无 | N81: 杭州龙湖名景台北区 | O81: 330104500000000468 | P81: 模块数量1个 | Q81: 无*壁挂式*模块数量1个*杭州龙湖名景台北区*330104500000000468*33.5kg*330100223873*批*废旧 | S81: 壁挂式开关电源 | T81: 普通钢 | U81: 33.5 | W81: 重量计算 | X81: 架
A82: 81 | B82: 杭州市分公司2025年第十次党委会纪要-杭州铁塔党委会纪要(2025)第12期 | C82: 330100161989 | D82: 开关电源 | E82: 开关电源 | F82: 9087.18 | G82: 272.62 | H82: 8814.56 | I82: 1 | J82: 架 | L82: 嵌入式 | M82: 无 | N82: 临安青山湖街道桥头村 | O82: 330185906000013326 | P82: 无模块 | Q82: 无*嵌入式*无模块*临安青山湖街道桥头村*330185906000013326*12kg*330100161989*批*废旧 | S82: 嵌入式开关电源 | T82: 普通钢 | U82: 12 | W82: 重量计算 | X82: 架
A83: 82 | B83: 杭州市分公司2025年第十次党委会纪要-杭州铁塔党委会纪要(2025)第12期 | C83: 330100120789 | D83: 开关电源 | E83: 开关电源 | F83: 3111.6 | G83: 93.35 | H83: 3018.25 | I83: 1 | J83: 架 | L83: 嵌入式 | M83: 无 | N83: 临安苦竹岭 | O83: 330185908000000646 | P83: 无模块，内部空 | Q83: 无*嵌入式*无模块，内部空*临安苦竹岭*330185908000000646*6.5kg*330100120789*批*废旧 | S83: 嵌入式开关电源 | T83: 普通钢 | U83: 6.5 | W83: 重量计算 | X83: 架
A84: 83 | B84: 杭州市分公司2025年第十次党委会纪要-杭州铁塔党委会纪要(2025)第12期 | C84: 330100138216 | D84: 开关电源 | E84: 开关电源 | F84: 8535.69 | G84: 256.07 | H84: 8279.62 | I84: 1 | J84: 架 | L84: 嵌入式 | M84: 无 | N84: 临安太阳镇太阳工业区 | O84: 330185906000014060 | P84: 无模块，实物只有配电端子 | Q84: 无*嵌入式*无模块，实物只有配电端子*临安太阳镇太阳工业区*330185906000014060*6kg*330100138216*批*废旧 | S84: 嵌入式开关电源 | T84: 普通钢 | U84: 6 | W84: 重量计算 | X84: 架
A85: 84 | B85: 杭州市分公司2025年第十次党委会纪要-杭州铁塔党委会纪要(2025)第12期 | C85: 330100189763_2 | D85: 开关电源 | E85: 开关电源 | F85: 7583.81 | G85: 227.51 | H85: 7356.3 | I85: 1 | J85: 架 | L85: 嵌入式 | M85: 无 | N85: 富阳万市白马村杉树湾 | O85: 330183500000000144 | P85: 无模块 | Q85: 无*嵌入式*无模块*富阳万市白马村杉树湾*330183500000000144*6kg*330100189763_2*批*废旧 | S85: 嵌入式开关电源 | T85: 普通钢 | U85: 6 | W85: 重量计算 | X85: 架
A86: 85 | B86: 杭州市分公司2025年第十次党委会纪要-杭州铁塔党委会纪要(2025)第12期 | C86: 330100167282_2 | D86: 开关电源 | E86: 开关电源 | F86: 3088.81 | G86: 92.66 | H86: 2996.15 | I86: 1 | J86: 架 | L86: 嵌入式 | M86: 无 | N86: 富阳新义 | O86: 330183908000000275 | P86: 无模块 | Q86: 无*嵌入式*无模块*富阳新义*330183908000000275*6.5kg*330100167282_2*批*废旧 | S86: 嵌入式开关电源 | T86: 普通钢 | U86: 6.5 | W86: 重量计算 | X86: 架
A87: 86 | B87: 杭州市分公司2025年第十次党委会纪要-杭州铁塔党委会纪要(2025)第12期 | C87: 330100169786_2 | D87: 开关电源 | E87: 开关电源 | F87: 2071.4 | G87: 62.14 | H87: 2009.26 | I87: 1 | J87: 架 | L87: 一体化机柜（无风扇无空调）-拆分-嵌入式开关电源组件 | M87: 无 | N87: 临安太湖源马家头 | O87: 330185500000000142 | P87: 无模块 | Q87: 无*一体化机柜（无风扇无空调）-拆分-嵌入式开关电源组件*无模块*临安太湖源马家头*330185500000000142*14.5kg*330100169786_2*批*废旧 | S87: 嵌入式开关电源 | T87: 普通钢 | U87: 14.5 | W87: 重量计算 | X87: 架 | Y87: 替换处置
A88: 87 | B88: 杭州市分公司2025年第十次党委会纪要-杭州铁塔党委会纪要(2025)第12期 | C88: 330100189728_2 | D88: 开关电源 | E88: 开关电源 | F88: 2896.55 | G88: 86.89 | H88: 2809.66 | I88: 1 | J88: 架 | L88: 一体化机柜（无风扇无空调）-拆分-嵌入式开关电源组件 | M88: 无 | N88: 临安淤潜南 | O88: 330185908000000145 | P88: 无模块 | Q88: 无*一体化机柜（无风扇无空调）-拆分-嵌入式开关电源组件*无模块*临安淤潜南*330185908000000145*12kg*330100189728_2*批*废旧 | S88: 嵌入式开关电源 | T88: 普通钢 | U88: 12 | W88: 重量计算 | X88: 架 | Y88: 替换处置
A89: 88 | B89: 杭州市分公司2025年第十次党委会纪要-杭州铁塔党委会纪要(2025)第12期 | C89: 330100160105 | D89: 开关电源 | E89: 开关电源 | F89: 9480.69 | G89: 284.42 | H89: 9196.27 | I89: 1 | J89: 架 | L89: 组合式 | M89: 无 | N89: 杭州丁桥皋红餐饮公司RRU | O89: 330104908000001001 | P89: 2个模块，完整度25% | Q89: 无*组合式*2个模块，完整度25%*杭州丁桥皋红餐饮公司RRU*330104908000001001*完整度25%*330100160105*批*废旧 | S89: 组合开关电源柜 | T89: 较高的柜体 | V89: 完整度25% | W89: 数量计算 | X89: 架
A90: 89 | B90: 杭州市分公司2025年第十次党委会纪要-杭州铁塔党委会纪要(2025)第12期 | C90: 330100159115 | D90: 开关电源 | E90: 开关电源 | F90: 5549.58 | G90: 166.49 | H90: 5383.09 | I90: 1 | J90: 架 | L90: 组合式 | M90: 无 | N90: 建德大同徐韩 | O90: 330182908000000950 | P90: 1个模块，完整度10% | Q90: 无*组合式*1个模块，完整度10%*建德大同徐韩*330182908000000950*完整度10%*330100159115*批*废旧 | S90: 组合开关电源柜 | T90: 较高的柜体 | V90: 完整度10% | W90: 数量计算 | X90: 架
A91: 90 | B91: 杭州市分公司2025年第十次党委会纪要-杭州铁塔党委会纪要(2025)第12期 | C91: 330100149573 | D91: 开关电源 | E91: 开关电源 | F91: 5728.33 | G91: 171.85 | H91: 5556.48 | I91: 1 | J91: 架 | L91: 组合式 | M91: 无 | N91: 建德大洋里黄 | O91: 330182908000000988 | P91: 1个模块，完整度10%，前后门板缺失 | Q91: 无*组合式*1个模块，完整度10%，前后门板缺失*建德大洋里黄*330182908000000988*完整度10%*330100149573*批*废旧 | S91: 组合开关电源柜 | T91: 较高的柜体 | V91: 完整度10% | W91: 数量计算 | X91: 架
A92: 91 | B92: 杭州市分公司2025年第十次党委会纪要-杭州铁塔党委会纪要(2025)第12期 | C92: 330100222779 | D92: 开关电源 | E92: 开关电源 | F92: 4750 | G92: 142.5 | H92: 4607.5 | I92: 1 | J92: 架 | L92: 组合式 | M92: 无 | N92: 建德大洋大郎坞村 | O92: 330182700000056993 | P92: 1个模块，完整度20%，前后门板缺失 | Q92: 无*组合式*1个模块，完整度20%，前后门板缺失*建德大洋大郎坞村*330182700000056993*完整度20%*330100222779*批*废旧 | S92: 组合开关电源柜 | T92: 较高的柜体 | V92: 完整度20% | W92: 数量计算 | X92: 架
A93: 92 | B93: 杭州市分公司2025年第十次党委会纪要-杭州铁塔党委会纪要(2025)第12期 | C93: 330100144984 | D93: 开关电源 | E93: 开关电源 | F93: 3426.78 | G93: 102.8 | H93: 3323.98 | I93: 1 | J93: 架 | L93: 组合式 | M93: 无 | N93: 建德新安江岭后大坪RRU | O93: 330182700000057097 | P93: 2个模块，完整度25% | Q93: 无*组合式*2个模块，完整度25%*建德新安江岭后大坪RRU*330182700000057097*完整度25%*330100144984*批*废旧 | S93: 组合开关电源柜 | T93: 较高的柜体 | V93: 完整度25% | W93: 数量计算 | X93: 架
A94: 93 | B94: 杭州市分公司2025年第十次党委会纪要-杭州铁塔党委会纪要(2025)第12期 | C94: 330100152617 | D94: 开关电源 | E94: 开关电源 | F94: 5987.97 | G94: 179.64 | H94: 5808.33 | I94: 1 | J94: 架 | L94: 组合式 | M94: 无 | N94: 建德长宁 | O94: 330182908000000049 | P94: 2个模块，完整度25% | Q94: 无*组合式*2个模块，完整度25%*建德长宁*330182908000000049*完整度25%*330100152617*批*废旧 | S94: 组合开关电源柜 | T94: 较高的柜体 | V94: 完整度25% | W94: 数量计算 | X94: 架
A95: 94 | B95: 杭州市分公司2025年第十次党委会纪要-杭州铁塔党委会纪要(2025)第12期 | C95: 330100158904 | D95: 开关电源 | E95: 开关电源 | F95: 3726.59 | G95: 111.8 | H95: 3614.79 | I95: 1 | J95: 架 | L95: 组合式 | M95: 无 | N95: 临安湍口石室RRU | O95: 330185908000000353 | P95: 无模块，无前后门板。完整度10% | Q95: 无*组合式*无模块，无前后门板。完整度10%*临安湍口石室RRU*330185908000000353*完整度10%*330100158904*批*废旧 | S95: 组合开关电源柜 | T95: 较高的柜体 | V95: 完整度10% | W95: 数量计算 | X95: 架
A96: 95 | B96: 杭州市分公司2025年第七次党委会纪要-杭州铁塔党委会纪要(2025)第9期 | C96: 330100170509 | D96: 开关电源 | E96: 开关电源 | F96: 873.67 | G96: 26.21 | H96: 847.46 | I96: 1 | J96: 架 | L96: 组合式 | M96: 无 | N96: 临安太湖源临目 | O96: 330185908000000175 | P96: 无模块，无前后门板。完整度15% | Q96: 无*组合式*无模块，无前后门板。完整度15%*临安太湖源临目*330185908000000175*完整度15%*330100170509*批*废旧 | S96: 组合开关电源柜 | T96: 较高的柜体 | V96: 完整度15% | W96: 数量计算 | X96: 架
A97: 96 | B97: 杭州市分公司2025年第十次党委会纪要-杭州铁塔党委会纪要(2025)第12期 | C97: 330100145727 | D97: 开关电源 | E97: 开关电源 | F97: 6651.19 | G97: 199.54 | H97: 6451.65 | I97: 1 | J97: 架 | L97: 组合式 | M97: 无 | N97: 临安马啸鹄山村RRU | O97: 330185908000000473 | P97: 无模块，无前后门板。完整度25% | Q97: 无*组合式*无模块，无前后门板。完整度25%*临安马啸鹄山村RRU*330185908000000473*完整度25%*330100145727*批*废旧 | S97: 组合开关电源柜 | T97: 较高的柜体 | V97: 完整度25% | W97: 数量计算 | X97: 架
A98: 97 | B98: 杭州市分公司2025年第十次党委会纪要-杭州铁塔党委会纪要(2025)第12期 | C98: 330100144154 | D98: 开关电源 | E98: 开关电源 | F98: 1109.97 | G98: 33.3 | H98: 1076.67 | I98: 1 | J98: 架 | L98: 组合式 | M98: 无 | N98: 富阳宾馆 | O98: 330183908000001244 | P98: 无模块，完整度10% | Q98: 无*组合式*无模块，完整度10%*富阳宾馆*330183908000001244*完整度10%*330100144154*批*废旧 | S98: 组合开关电源柜 | T98: 较高的柜体 | V98: 完整度10% | W98: 数量计算 | X98: 架
A99: 98 | B99: 杭州市分公司2025年第十次党委会纪要-杭州铁塔党委会纪要(2025)第12期 | C99: 330100148839 | D99: 开关电源 | E99: 开关电源 | F99: 3973.8 | G99: 119.21 | H99: 3854.59 | I99: 1 | J99: 架 | L99: 组合式 | M99: 无 | N99: 富阳坞口 | O99: 330183908000000490 | P99: 无模块，完整度15% | Q99: 无*组合式*无模块，完整度15%*富阳坞口*330183908000000490*完整度15%*330100148839*批*废旧 | S99: 组合开关电源柜 | T99: 较高的柜体 | V99: 完整度15% | W99: 数量计算 | X99: 架
A100: 99 | B100: 杭州市分公司2025年第十次党委会纪要-杭州铁塔党委会纪要(2025)第12期 | C100: 330100145035 | D100: 开关电源 | E100: 开关电源 | F100: 417.86 | G100: 12.54 | H100: 405.32 | I100: 1 | J100: 架 | L100: 组合式 | M100: 无 | N100: 余杭余杭镇永建 | O100: 330110908000001376 | P100: 无模块，完整度10% | Q100: 无*组合式*无模块，完整度10%*余杭余杭镇永建*330110908000001376*完整度10%*330100145035*批*废旧 | S100: 组合开关电源柜 | T100: 较高的柜体 | V100: 完整度10% | W100: 数量计算 | X100: 架
... A102: 101 | B102: 杭州市分公司2025年第十次党委会纪要-杭州铁塔党委会纪要(2025)第12期 | C102: 330100159782 | D102: 开关电源 | E102: 开关电源 | F102: 5025.88 | G102: 150.78 | H102: 4875.1 | I102: 1 | J102: 架 | L102: 组合式 | M102: 无 | N102: 余杭白云深处 | O102: 330110908000000340 | P102: 无模块，完整度5% | Q102: 无*组合式*无模块，完整度5%*余杭白云深处*330110908000000340*完整度5%*330100159782*批*废旧 | S102: 组合开关电源柜 | T102: 较高的柜体 | V102: 完整度5% | W102: 数量计算 | X102: 架
A103: 102 | B103: 杭州市分公司2025年第十次党委会纪要-杭州铁塔党委会纪要(2025)第12期 | C103: 330100126305 | D103: 空调 | E103: 空调 | F103: 128.75 | G103: 3.86 | H103: 124.89 | I103: 1 | J103: 台 | L103: 2P | M103: 无 | N103: 富阳西坞 | O103: 330183908000000642 | P103: 有铜管，另行申请入库 | Q103: 无*2P*有铜管，另行申请入库*富阳西坞*330183908000000642**330100126305*批*废旧 | S103: 2P空调无铜管 | T103: 机房空调设备-空调 | W103: 数量计算 | X103: 台
A104: 103 | B104: 杭州市分公司2025年第十次党委会纪要-杭州铁塔党委会纪要(2025)第12期 | C104: 330100260164 | D104: 空调 | E104: 空调 | F104: 7698.83 | G104: 645.86 | H104: 7052.97 | I104: 1 | J104: 台 | L104: 3P | M104: 无 | N104: 杭州江干同协南路2 | O104: 330104500000000269 | P104: 配件铜管另行申请退库 | Q104: 无*3P*配件铜管另行申请退库*杭州江干同协南路2*330104500000000269**330100260164*批*废旧 | S104: 3P空调无铜管 | T104: 机房空调设备-空调 | W104: 数量计算 | X104: 台
A105: 104 | B105: 杭州市分公司2025年第十次党委会纪要-杭州铁塔党委会纪要(2025)第12期 | C105: 330100157103 | D105: 空调 | E105: 空调 | F105: 3296 | G105: 98.88 | H105: 3197.12 | I105: 1 | J105: 台 | L105: 3P | M105: 无 | N105: 余杭白云深处 | O105: 330110908000000340 | P105: 配件铜管另行申请入库 | Q105: 无*3P*配件铜管另行申请入库*余杭白云深处*330110908000000340**330100157103*批*废旧 | S105: 3P空调无铜管 | T105: 机房空调设备-空调 | W105: 数量计算 | X105: 台
A106: 105 | B106: 杭州市分公司2025年第十次党委会纪要-杭州铁塔党委会纪要(2025)第12期 | C106: 330100177695 | D106: 空调 | E106: 空调 | F106: 7135.17 | G106: 214.06 | H106: 6921.11 | I106: 1 | J106: 台 | L106: 3P | M106: 无 | N106: 余杭白云深处 | O106: 330110908000000340 | P106: 配件铜管另行申请入库 | Q106: 无*3P*配件铜管另行申请入库*余杭白云深处*330110908000000340**330100177695*批*废旧 | S106: 3P空调无铜管 | T106: 机房空调设备-空调 | W106: 数量计算 | X106: 台
A107: 106 | B107: 杭州市分公司2025年第十次党委会纪要-杭州铁塔党委会纪要(2025)第12期 | C107: 330100147465 | D107: 空调 | E107: 空调 | F107: 1350 | G107: 40.5 | H107: 1309.5 | I107: 1 | J107: 台 | L107: 3P | M107: 无 | N107: 富阳高桥金竹畈水库 | O107: 330183908000000926 | P107: 有铜管，另行申请入库 | Q107: 无*3P*有铜管，另行申请入库*富阳高桥金竹畈水库*330183908000000926**330100147465*批*废旧 | S107: 3P空调无铜管 | T107: 机房空调设备-空调 | W107: 数量计算 | X107: 台
A108: 107 | B108: 杭州市分公司2025年第十次党委会纪要-杭州铁塔党委会纪要(2025)第12期 | C108: 330100125184 | D108: 空调 | E108: 空调 | F108: 1728 | G108: 51.84 | H108: 1676.16 | I108: 1 | J108: 台 | L108: 3P | M108: 无 | N108: 富阳灵桥应家坞 | O108: 330183908000000438 | P108: 有铜管，另行申请入库 | Q108: 无*3P*有铜管，另行申请入库*富阳灵桥应家坞*330183908000000438**330100125184*批*废旧 | S108: 3P空调无铜管 | T108: 机房空调设备-空调 | W108: 数量计算 | X108: 台
A109: 108 | B109: 杭州市分公司2025年第十次党委会纪要-杭州铁塔党委会纪要(2025)第12期 | C109: 330100229628 | D109: 空调 | E109: 空调 | F109: 6918.47 | G109: 207.55 | H109: 6710.92 | I109: 1 | J109: 台 | L109: 3P | M109: 无 | N109: 富阳绿渚大同-2 | O109: 330183908000001141 | P109: 有铜管，另行申请入库 | Q109: 无*3P*有铜管，另行申请入库*富阳绿渚大同-2*330183908000001141**330100229628*批*废旧 | S109: 3P空调无铜管 | T109: 机房空调设备-空调 | W109: 数量计算 | X109: 台
A110: 109 | B110: 杭州市分公司2025年第十次党委会纪要-杭州铁塔党委会纪要(2025)第12期 | C110: 330100225162 | D110: 空调 | E110: 空调 | F110: 6012.05 | G110: 180.36 | H110: 5831.69 | I110: 1 | J110: 台 | L110: 3P | M110: 无 | N110: 富阳上俞 | O110: 330183908000000713 | P110: 有铜管，另行申请入库 | Q110: 无*3P*有铜管，另行申请入库*富阳上俞*330183908000000713**330100225162*批*废旧 | S110: 3P空调无铜管 | T110: 机房空调设备-空调 | W110: 数量计算 | X110: 台
A111: 110 | B111: 杭州市分公司2025年第十次党委会纪要-杭州铁塔党委会纪要(2025)第12期 | C111: 330100124714 | D111: 空调 | E111: 空调 | F111: 864 | G111: 25.92 | H111: 838.08 | I111: 1 | J111: 台 | L111: 3P | M111: 无 | N111: 富阳双江畲族村 | O111: 330183908000000363 | P111: 有铜管，另行申请入库 | Q111: 无*3P*有铜管，另行申请入库*富阳双江畲族村*330183908000000363**330100124714*批*废旧 | S111: 3P空调无铜管 | T111: 机房空调设备-空调 | W111: 数量计算 | X111: 台
A112: 111 | B112: 杭州市分公司2025年第十次党委会纪要-杭州铁塔党委会纪要(2025)第12期 | C112: 330100124705 | D112: 空调 | E112: 空调 | F112: 257.5 | G112: 7.73 | H112: 249.77 | I112: 1 | J112: 台 | L112: 3P | M112: 无 | N112: 富阳外官 | O112: 330183908000000665 | P112: 有铜管，另行申请入库 | Q112: 无*3P*有铜管，另行申请入库*富阳外官*330183908000000665**330100124705*批*废旧 | S112: 3P空调无铜管 | T112: 机房空调设备-空调 | W112: 数量计算 | X112: 台
A113: 112 | B113: 杭州市分公司2025年第十次党委会纪要-杭州铁塔党委会纪要(2025)第12期 | C113: 330100127048 | D113: 空调 | E113: 空调 | F113: 864 | G113: 25.92 | H113: 838.08 | I113: 1 | J113: 台 | L113: 3P | M113: 无 | N113: 富阳新安村 | O113: 330183908000000491 | P113: 有铜管，另行申请入库 | Q113: 无*3P*有铜管，另行申请入库*富阳新安村*330183908000000491**330100127048*批*废旧 | S113: 3P空调无铜管 | T113: 机房空调设备-空调 | W113: 数量计算 | X113: 台
A114: 113 | B114: 杭州市分公司2025年第十次党委会纪要-杭州铁塔党委会纪要(2025)第12期 | C114: 330100161852 | D114: 空调 | E114: 空调 | F114: 4625.9 | G114: 138.78 | H114: 4487.12 | I114: 1 | J114: 台 | L114: 3P | M114: 无 | N114: 灵桥杨园坎 | O114: 330183010000000269 | P114: 有铜管，另行申请入库 | Q114: 无*3P*有铜管，另行申请入库*灵桥杨园坎*330183010000000269**330100161852*批*废旧 | S114: 3P空调无铜管 | T114: 机房空调设备-空调 | W114: 数量计算 | X114: 台
A115: 114 | B115: 杭州市分公司2025年第十次党委会纪要-杭州铁塔党委会纪要(2025)第12期 | C115: 330100188382 | D115: 空调 | E115: 空调 | F115: 10896.11 | G115: 326.88 | H115: 10569.23 | I115: 1 | J115: 台 | L115: 3P | M115: 无 | N115: 石棚 | O115: 33018300000048 | P115: 有铜管，另行申请入库 | Q115: 无*3P*有铜管，另行申请入库*石棚*33018300000048**330100188382*批*废旧 | S115: 3P空调无铜管 | T115: 机房空调设备-空调 | W115: 数量计算 | X115: 台
A116: 115 | B116: 杭州市分公司2025年第十次党委会纪要-杭州铁塔党委会纪要(2025)第12期 | C116: 330100269804 | D116: 空调控制器 | E116: 空调控制器 | F116: 462.86 | G116: 51.3 | H116: 411.56 | I116: 1 | J116: 个 | L116: 空调控制器 | M116: 无 | N116: 建德裘村 | O116: 330182908000000522 | Q116: 无*空调控制器**建德裘村*330182908000000522*0.871kg*330100269804*批*废旧 | S116: 空调控制器 | T116: 普通钢 | U116: 0.871 | W116: 重量计算 | X116: 个
A117: 116 | B117: 杭州市分公司2025年第十次党委会纪要-杭州铁塔党委会纪要(2025)第12期 | C117: 330100244206 | D117: 空调控制器 | E117: 空调控制器 | F117: 399.78 | G117: 11.99 | H117: 387.79 | I117: 1 | J117: 个 | L117: 空调控制器 | M117: 无 | N117: 余杭凤都开发区 | O117: 330110908000000445 | Q117: 无*空调控制器**余杭凤都开发区*330110908000000445*0.277kg*330100244206*批*废旧 | S117: 空调控制器 | T117: 普通钢 | U117: 0.277 | W117: 重量计算 | X117: 个
A118: 117 | B118: 杭州市分公司2025年第十次党委会纪要-杭州铁塔党委会纪要(2025)第12期 | C118: 330100263971 | D118: 模块 | E118: 模块 | F118: 291.35 | G118: 24.44 | H118: 266.91 | I118: 1 | J118: 个 | L118: 电源防雷模块 | M118: 无 | N118: 建德裘村 | O118: 330182908000000522 | Q118: 无*电源防雷模块**建德裘村*330182908000000522*0.082kg*330100263971*批*废旧 | S118: 模块 | T118: 普通钢 | U118: 0.082 | W118: 重量计算 | X118: 个
A119: 118 | B119: 杭州市分公司2025年第十次党委会纪要-杭州铁塔党委会纪要(2025)第12期 | C119: 330100260281 | D119: 模块 | E119: 模块 | F119: 291.35 | G119: 24.44 | H119: 266.91 | I119: 1 | J119: 个 | L119: 电源转换模块 | M119: 无 | N119: 余杭白云深处 | O119: 330110908000000340 | P119: 实物为电源防雷模块 | Q119: 无*电源转换模块*实物为电源防雷模块*余杭白云深处*330110908000000340*0.097kg*330100260281*批*废旧 | S119: 模块 | T119: 普通钢 | U119: 0.097 | W119: 重量计算 | X119: 个
A120: 119 | B120: 杭州市分公司2025年第十次党委会纪要-杭州铁塔党委会纪要(2025)第12期 | C120: 330100332349 | D120: 模块 | E120: 模块 | F120: 809.42 | G120: 384.14 | H120: 425.28 | I120: 1 | J120: 个 | L120: 普通模块30A | M120: 无 | N120: 建德移动三都上塘 | O120: 330182500000000044 | Q120: 无*普通模块30A**建德移动三都上塘*330182500000000044*1.5kg*330100332349*批*废旧 | S120: 模块 | T120: 普通钢 | U120: 1.5 | W120: 重量计算 | X120: 个
A121: 120 | B121: 杭州市分公司2025年第七次党委会纪要-杭州铁塔党委会纪要(2025)第9期 | C121: 330100306203 | D121: 模块 | E121: 模块 | F121: 889.62 | G121: 134.1 | H121: 755.52 | I121: 1 | J121: 个 | L121: 整流模块 | M121: 无 | N121: 杭州江干华润万家超市 | O121: 330104500000000062 | Q121: 无*整流模块**杭州江干华润万家超市*330104500000000062*2.5kg*330100306203*批*废旧 | S121: 模块 | T121: 普通钢 | U121: 2.5 | W121: 重量计算 | X121: 个
A122: 121 | B122: 杭州市分公司2025年第十次党委会纪要-杭州铁塔党委会纪要(2025)第12期 | C122: 330100213748 | D122: 模块 | E122: 模块 | F122: 8262.63 | G122: 247.88 | H122: 8014.75 | I122: 1 | J122: 个 | L122: 整流模块 | M122: 无 | N122: 富阳坞口 | O122: 330183908000000490 | Q122: 无*整流模块**富阳坞口*330183908000000490*1.5kg*330100213748*批*废旧 | S122: 模块 | T122: 普通钢 | U122: 1.5 | W122: 重量计算 | X122: 个
A123: 122 | B123: 杭州市分公司2025年第十次党委会纪要-杭州铁塔党委会纪要(2025)第12期 | C123: 330100291220 | D123: 模块 | E123: 模块 | F123: 846.55 | G123: 162.26 | H123: 684.29 | I123: 1 | J123: 个 | L123: 整流模块 | M123: 无 | N123: 余杭凤都开发区 | O123: 330110908000000445 | Q123: 无*整流模块**余杭凤都开发区*330110908000000445*平均2.5kg*330100291220*批*废旧 | S123: 模块 | T123: 普通钢 | U123: 2.5 | W123: 重量计算 | X123: 个
A124: 123 | B124: 杭州市分公司2025年第十次党委会纪要-杭州铁塔党委会纪要(2025)第12期 | C124: 330100291221 | D124: 模块 | E124: 模块 | F124: 846.55 | G124: 162.26 | H124: 684.29 | I124: 1 | J124: 个 | L124: 整流模块 | M124: 无 | N124: 余杭凤都开发区 | O124: 330110908000000445 | Q124: 无*整流模块**余杭凤都开发区*330110908000000445*平均2.5kg*330100291221*批*废旧 | S124: 模块 | T124: 普通钢 | U124: 2.5 | W124: 重量计算 | X124: 个
A125: 124 | B125: 杭州市分公司2025年第十次党委会纪要-杭州铁塔党委会纪要(2025)第12期 | C125: 330100291222 | D125: 模块 | E125: 模块 | F125: 846.56 | G125: 162.26 | H125: 684.3 | I125: 1 | J125: 个 | L125: 整流模块 | M125: 无 | N125: 余杭凤都开发区 | O125: 330110908000000445 | Q125: 无*整流模块**余杭凤都开发区*330110908000000445*平均2.5kg*330100291222*批*废旧 | S125: 模块 | T125: 普通钢 | U125: 2.5 | W125: 重量计算 | X125: 个
A126: 125 | B126: 杭州市分公司2025年第十次党委会纪要-杭州铁塔党委会纪要(2025)第12期 | C126: 330100291223 | D126: 模块 | E126: 模块 | F126: 846.55 | G126: 162.26 | H126: 684.29 | I126: 1 | J126: 个 | L126: 整流模块 | M126: 无 | N126: 余杭凤都开发区 | O126: 330110908000000445 | Q126: 无*整流模块**余杭凤都开发区*330110908000000445*平均凑整3kg*330100291223*批*废旧 | S126: 模块 | T126: 普通钢 | U126: 3 | W126: 重量计算 | X126: 个
A127: 126 | B127: 杭州市分公司2025年第十次党委会纪要-杭州铁塔党委会纪要(2025)第12期 | C127: 330100277104 | D127: 模块 | E127: 模块 | F127: 995.88 | G127: 137.44 | H127: 858.44 | I127: 1 | J127: 个 | L127: 整流模块 | M127: 无 | N127: 余杭勾庄工业园西 | O127: 330110908000000296 | Q127: 无*整流模块**余杭勾庄工业园西*330110908000000296*平均2.5kg*330100277104*批*废旧 | S127: 模块 | T127: 普通钢 | U127: 2.5 | W127: 重量计算 | X127: 个
A128: 127 | B128: 杭州市分公司2025年第十次党委会纪要-杭州铁塔党委会纪要(2025)第12期 | C128: 330100277105 | D128: 模块 | E128: 模块 | F128: 995.89 | G128: 137.44 | H128: 858.45 | I128: 1 | J128: 个 | L128: 整流模块 | M128: 无 | N128: 余杭勾庄工业园西 | O128: 330110908000000296 | Q128: 无*整流模块**余杭勾庄工业园西*330110908000000296*平均2.5kg*330100277105*批*废旧 | S128: 模块 | T128: 普通钢 | U128: 2.5 | W128: 重量计算 | X128: 个
...

Sheet 台州
A1: *报废批复文号 | B1: *资产编码 | C1: *资产名称 | D1: *资产类别名称 | E1: *资产原值（元，不含税） | F1: *资产净值（元，不含税） | G1: *资产数量 | H1: *计量单位 | I1: 单节电池电压 | J1: *规格型号 | K1: 生产厂家 | L1: *站点名称 | M1: *站点编码 | N1: 备注
A2: 浙江铁塔财务〔2024〕41号 | B2: 331000197270 | C2: 普通空调壁挂 | D2: 2P及2P以下成套空调 | E2: 4675.92 | F2: 140.28 | G2: 1 | H2: 台 | J2: 2P | L2: 温岭太平大厦 | M2: 331081500000001522
A3: 浙江铁塔财务〔2024〕37号 | B3: 331000193497 | C3: 普通空调壁挂 | D3: 2P及2P以下成套空调 | E3: 4581.34 | F3: 137.44 | G3: 1 | H3: 台 | J3: 2P | L3: 椒江下陈牛轭桥村-2 | M3: 331002500000000161
A4: 浙江铁塔财务〔2024〕37号 | B4: 331000213374 | C4: 普通空调壁挂 | D4: 2P及2P以下成套空调 | E4: 6020.27 | F4: 910.64 | G4: 1 | H4: 台 | J4: 2P | L4: 路桥泊盛桃源-1 | M4: 331004010000001558
A5: 浙江铁塔财务〔2024〕37号 | B5: 331000160583 | C5: 基站舒适空调2匹（挂式）（单相）-整机（单冷） | D5: 2P及2P以下成套空调 | E5: 4409.26 | F5: 132.28 | G5: 1 | H5: 台 | J5: 2P | L5: 黄岩北城街道高速口二环路D | M5: 331003500000000035
A6: 浙江铁塔财务〔2024〕37号 | B6: 331000195211 | C6: 普通空调壁挂 | D6: 2P及2P以下成套空调 | E6: 5372.81 | F6: 161.18 | G6: 1 | H6: 台 | J6: 2P | L6: 椒江葭芷新世纪控股 | M6: 331002500000001507
A7: 2025年第十一次党委会会议纪要 | B7: 331000122647 | C7: 分体空调 | D7: 3P空调室内外成套 | E7: 5626.74 | F7: 168.8 | G7: 1 | H7: 台 | J7: 3p | L7: 路桥邵家村二区 | M7: 331004908000000550
A8: 2025年第一次党委会会议纪要 | B8: 331000216178 | C8: 普通空调柜式 | D8: 3P空调室内外成套 | E8: 6302.9 | F8: 868.41 | G8: 1 | H8: 台 | J8: 3p | L8: 仙居黎华新村 | M8: 331024908000000669
A9: 浙江铁塔财务〔2024〕41号 | B9: 331000141053 | C9: 分体一对一空调 | D9: 3P空调室内外成套 | E9: 315 | F9: 9.45 | G9: 1 | H9: 台 | J9: 3P | L9: 仙居双庙方山岭-2 | M9: 331024908000000175
A10: 浙江铁塔财务〔2024〕41号 | B10: 331000141054 | C10: 分体一对一空调 | D10: 3P空调室内外成套 | E10: 315 | F10: 9.45 | G10: 1 | H10: 台 | J10: 3P | L10: 仙居双庙方山岭-2 | M10: 331024908000000175
A11: 2024年台州公司第十六次党委会会议纪要 | B11: 331000172224 | C11: 普通空调柜式 | D11: 3P空调室内外成套 | E11: 7693.15 | F11: 230.79 | G11: 1 | H11: 台 | J11: 3P | L11: 天台白鹤青岙 | M11: 33102301000098
A12: 2024年台州公司第十六次党委会会议纪要 | B12: 331000154325 | C12: 专用空调 | D12: 3P空调室内外成套 | E12: 500 | F12: 15 | G12: 1 | H12: 台 | J12: 3P | L12: 天台工人东路延伸段 | M12: 331023908000000183
A13: 2024年台州公司第二十一次党委会会议纪要 | B13: 331000164337 | C13: 普通空调柜式 | D13: 3P空调室内外成套 | E13: 7269.61 | F13: 218.09 | G13: 1 | H13: 台 | J13: 3P | L13: 天台白鹤后洋村 | M13: 331023500000000031
... A56: 2024年台州公司第二十一次党委会会议纪要 | B56: 331000195293 | C56: 壁挂式开关电源 | D56: 壁挂式开关电源 | E56: 5371.2 | F56: 161.14 | G56: 1 | H56: 架 | J56: 壁挂式 | L56: 椒江葭芷卫生院 | M56: 331002500000001509
A57: 2025年第10期总经理办公会会议纪要 | B57: 331000000029 | C57: 条码打印机 | D57: 打印机 | E57: 5427.35 | F57: 162.82 | G57: 1 | H57: 台 | N57: 办公用品
A58: 2025年第10期总经理办公会会议纪要 | B58: 331000000030 | C58: 条码打印机 | D58: 打印机 | E58: 5427.35 | F58: 162.82 | G58: 1 | H58: 台 | N58: 办公用品
A59: 2025年第10期总经理办公会会议纪要 | B59: 331000004342 | C59: 打印机 | D59: 打印机 | E59: 760.68 | F59: 22.82 | G59: 1 | H59: 台 | N59: 办公用品
A60: 2025年第10期总经理办公会会议纪要 | B60: 331000004343 | C60: 打印机 | D60: 打印机 | E60: 760.68 | F60: 22.82 | G60: 1 | H60: 台 | N60: 办公用品
A61: 2025年第10期总经理办公会会议纪要 | B61: 331000004344 | C61: 打印机 | D61: 打印机 | E61: 760.68 | F61: 22.82 | G61: 1 | H61: 台 | N61: 办公用品
A62: 2025年第10期总经理办公会会议纪要 | B62: 331000004348 | C62: 税票扫描仪 | D62: 打印机 | E62: 6025.64 | F62: 180.77 | G62: 1 | H62: 台 | N62: 办公用品
A63: 浙江铁塔财务〔2024〕41号 | B63: 331000202131 | C63: 电源扩容资产 | D63: 电表 | E63: 603.45 | F63: 18.1 | G63: 1 | H63: 个 | L63: 临海大洋五家殿村-2 | M63: 331082908000000219
A64: 2025年第一次党委会会议纪要 | B64: 331000236200 | C64: 电池合路器 | D64: 电池合路器 | E64: 3434.36 | F64: 1074.19 | G64: 1 | H64: 个 | L64: 路桥路北街道腾达路管前村 | M64: 331004500000000052
A65: 2025年第六次党委会会议纪要 | B65: 331000250885 | C65: 动力及环境监控单元 | D65: 动环监控 | E65: 3456.96 | F65: 1418.03 | G65: 1 | H65: 个 | L65: 仙居上徐村 | M65: 331024500010001578
A66: 2025年第六次党委会会议纪要 | B66: 331000241592 | C66: 动力及环境监控单元 | D66: 动环监控 | E66: 4119.41 | F66: 1344.91 | G66: 1 | H66: 个 | L66: 仙居金台西井2号隧道西口外打 | M66: 331024500000001512
A67: 2025年第六次党委会会议纪要 | B67: 331000218055 | C67: 动力及环境监控单元 | D67: 动环监控 | E67: 2585.83 | F67: 321.41 | G67: 1 | H67: 个 | L67: 仙居社山 | M67: 331024908000000743
A68: 2025年第六次党委会会议纪要 | B68: 331000213827 | C68: 动力及环境监控单元 | D68: 动环监控 | E68: 2659.99 | F68: 258.97 | G68: 1 | H68: 个 | L68: 仙居吕前村 | M68: 331024908000000560
A69: 2025年第六次党委会会议纪要 | B69: 331000246116 | C69: 动力及环境监控单元 | D69: 动环监控 | E69: 3508.2 | F69: 1287.27 | G69: 1 | H69: 个 | L69: 仙居将军岭隧道东口外打 | M69: 331024500000001499
A70: 2025年第六次党委会会议纪要 | B70: 331000259252 | C70: 动力及环境监控单元 | D70: 动环监控 | E70: 3806.78 | F70: 1813.53 | G70: 1 | H70: 个 | L70: 仙居西门街 | M70: 331024500010001606
A71: 2025年第六次党委会会议纪要 | B71: 331000212261 | C71: 动力及环境监控单元 | D71: 动环监控 | E71: 2673.78 | F71: 224.31 | G71: 1 | H71: 个 | L71: 温岭新河后丁一路 | M71: 331081908000000141
A72: 2025年第六次党委会会议纪要 | B72: 331000212461 | C72: 动力及环境监控单元 | D72: 动环监控 | E72: 3872.27 | F72: 324.91 | G72: 1 | H72: 个 | L72: 温岭城西芭娜娜搬迁 | M72: 331081500000001592
A73: 2025年第六次党委会会议纪要 | B73: 331000218011 | C73: 动力及环境监控单元 | D73: 动环监控 | E73: 2671.47 | F73: 332.1 | G73: 1 | H73: 个 | L73: 温岭新河营业厅 | M73: 331081908000000349
A74: 2025年第六次党委会会议纪要 | B74: 331000211288 | C74: 动力及环境监控单元 | D74: 动环监控 | E74: 2673.78 | F74: 188.22 | G74: 1 | H74: 个 | L74: 温岭山市营业厅 | M74: 331081908000000312
... A88: 2025年第十一次党委会会议纪要 | B88: 331000207770 | C88: 电源扩容资产 | D88: 供电计量设备 | E88: 603.45 | F88: 26.22 | G88: 1 | H88: 个 | L88: 黄岩南城柯的蒙公司 | M88: 331003908000000278
A89: 2025年第六次党委会会议纪要 | B89: 331000258138 | C89: 机柜空调 | D89: 机柜空调 | E89: 2323.5 | F89: 1071.46 | G89: 1 | H89: 台 | J89: 门装压缩机空调1500W | L89: 温岭城南罗殊村 | M89: 33108101000590
A90: 浙江铁塔财务〔2024〕41号 | B90: 331000248789_2 | C90: 机柜空调 | D90: 机柜空调 | E90: 2613.73 | F90: 764.4 | G90: 1 | H90: 台 | J90: 机柜空调 | L90: 临海甬台温高铁072货运仓库RRU资源点 | M90: 331082908001900115
A91: 2024年台州公司第九次党委会会议纪要 | B91: 331000180174_2 | C91: 机柜空调 | D91: 机柜空调 | E91: 2865.8 | F91: 85.97 | G91: 1 | H91: 台 | J91: 机柜空调 | L91: 路桥横街九郎山 | M91: 331004908000000578
A92: 2024年台州公司第二十一次党委会会议纪要 | B92: 331000186085 | C92: 机柜空调 | D92: 机柜空调 | E92: 3677.49 | F92: 110.32 | G92: 1 | H92: 台 | J92: 机柜空调 | L92: 天台烟草大楼 | M92: 331023908000000163
A93: 2025年第十一次党委会会议纪要 | B93: 331000104515 | C93: 交流配电箱 | D93: 交流计量箱 | E93: 1663.49 | F93: 49.9 | G93: 1 | H93: 个 | L93: 临海双港村-2 | M93: 331082908000000436
A94: 2025年第十一次党委会会议纪要 | B94: 331000109168 | C94: 交流配电箱 | D94: 交流计量箱 | E94: 2451.85 | F94: 73.56 | G94: 1 | H94: 个 | L94: 天台坦头东陈-2 | M94: 331023908000000767
A95: 2025年第十一次党委会会议纪要 | B95: 331000112164 | C95: 交流配电箱 | D95: 交流计量箱 | E95: 3159.66 | F95: 94.79 | G95: 1 | H95: 个 | L95: 黄岩南城柯的蒙公司 | M95: 331003908000000278
A96: 2025年第六次党委会会议纪要 | B96: 331000212182 | C96: 机房配套扩容资产 | D96: 空调控制器 | E96: 303.52 | F96: 25.45 | G96: 1 | H96: 个 | L96: 温岭温西工业区 | M96: 331081908000000343
A97: 2025年第十一次党委会会议纪要 | B97: 331000207884 | C97: 机房配套扩容资产 | D97: 空调控制器 | E97: 390.98 | F97: 16.99 | G97: 1 | H97: 个 | L97: 玉环干江盐盘村-2 | M97: 331021908000000101
A98: 2025年第十一次党委会会议纪要 | B98: 331000203682 | C98: 机房配套扩容资产 | D98: 空调控制器 | E98: 511.31 | F98: 15.34 | G98: 1 | H98: 个 | L98: 天台坦头东陈-2 | M98: 331023908000000767
A99: 2025年第十一次党委会会议纪要 | B99: 331000188919 | C99: 外市电引入 | D99: 铝芯电缆 | E99: 5977.5 | F99: 1571.68 | G99: 1 | H99: 根 | L99: 玉环干江盐盘村-2 | M99: 331021908000000101
A100: 2025年第十一次党委会会议纪要 | B100: 331000155751 | C100: 1KV以下电力电缆 | D100: 铝芯电缆 | E100: 11914 | F100: 1127.86 | G100: 1 | H100: 根 | L100: 临海汾西 | M100: 331082908000001185
A101: 2025年第十一次党委会会议纪要 | B101: 331000153198 | C101: 1KV以下电力电缆 | D101: 铝芯电缆 | E101: 11133.9 | F101: 1053.98 | G101: 1 | H101: 根 | L101: 路桥邵家村二区 | M101: 331004908000000550
A102: 2025年第十一次党委会会议纪要 | B102: 331000153833 | C102: 1KV以下电力电缆 | D102: 铝芯电缆 | E102: 1648.33 | F102: 156.05 | G102: 1 | H102: 根 | L102: 天台三桥 | M102: 331023908000000025
A103: 2025年第十一次党委会会议纪要 | B103: 331000130991 | C103: 1KV以下电力电缆 | D103: 铝芯电缆 | E103: 1300.34 | F103: 123.13 | G103: 1 | H103: 根 | L103: 临海双港村-2 | M103: 331082908000000436
A104: 2025年第十一次党委会会议纪要 | B104: 331000130007 | C104: 1KV以下电力电缆 | D104: 铝芯电缆 | E104: 2016.42 | F104: 190.85 | G104: 1 | H104: 根 | L104: 黄岩南城柯的蒙公司 | M104: 331003908000000278
... A110: 2025年第十一次党委会会议纪要 | B110: 331000115271 | C110: 直流分配箱 | D110: 配电箱 | E110: 3958.2 | F110: 118.75 | G110: 1 | H110: 台 | L110: 路桥邵家村二区 | M110: 331004908000000550
A111: 2025年第十一次党委会会议纪要 | B111: 331000234197 | C111: 嵌入式开关电源 | D111: 嵌入式开关电源 | E111: 9774.2 | F111: 2795.16 | G111: 1 | H111: 架 | J111: 嵌入式 | L111: 临海甬台温高铁072货运仓库RRU资源点 | M111: 331082908001900115
A112: 2024年台州公司第二次党委会会议纪要 | B112: 331000165503_2 | C112: 嵌入式开关电源 | D112: 嵌入式开关电源 | E112: 1492.86 | F112: 44.79 | G112: 1 | H112: 架 | J112: 嵌入式 | L112: 路桥峰江浮排村 | M112: 331004500000000024
A113: 2024年台州公司第二次党委会会议纪要 | B113: 331000172107_2 | C113: 嵌入式开关电源 | D113: 嵌入式开关电源 | E113: 1988.8 | F113: 59.66 | G113: 1 | H113: 架 | J113: 嵌入式 | L113: 台州路桥桐屿小稠村西 | M113: 331004908000000815
A114: 2024年台州公司第二十一次党委会会议纪要 | B114: 331000107722 | C114: 嵌入式开关电源 | D114: 嵌入式开关电源 | E114: 299.4 | F114: 8.98 | G114: 1 | H114: 架 | J114: 嵌入式 | L114: 椒江百姓家园36号楼 | M114: 331002908000000445
A115: 2025年第10期总经理办公会会议纪要 | B115: 331000156289 | C115: 一体机 | D115: 台式机 | E115: 1452.14 | F115: 43.56 | G115: 1 | H115: 台 | N115: 办公用品
A116: 2025年第10期总经理办公会会议纪要 | B116: 331000000036 | C116: 台式机 | D116: 台式机 | E116: 4256.41 | F116: 127.69 | G116: 1 | H116: 台 | N116: 办公用品
A117: 2025年第10期总经理办公会会议纪要 | B117: 331000000037 | C117: 台式机 | D117: 台式机 | E117: 4256.41 | F117: 127.69 | G117: 1 | H117: 台 | N117: 办公用品
A118: 2025年第10期总经理办公会会议纪要 | B118: 331000000038 | C118: 台式机 | D118: 台式机 | E118: 4256.41 | F118: 127.69 | G118: 1 | H118: 台 | N118: 办公用品
A119: 2025年第10期总经理办公会会议纪要 | B119: 331000004350 | C119: 台式电脑 | D119: 台式机 | E119: 4256.41 | F119: 127.69 | G119: 1 | H119: 台 | N119: 办公用品
A120: 2025年第10期总经理办公会会议纪要 | B120: 331000007111 | C120: 台式电脑 | D120: 台式机 | E120: 5554.7 | F120: 166.64 | G120: 1 | H120: 台 | N120: 办公用品
A121: 2025年第10期总经理办公会会议纪要 | B121: 331000007112 | C121: 台式电脑 | D121: 台式机 | E121: 5554.7 | F121: 166.64 | G121: 1 | H121: 台 | N121: 办公用品
A122: 2025年第10期总经理办公会会议纪要 | B122: 331000007114 | C122: 台式电脑 | D122: 台式机 | E122: 5554.7 | F122: 166.64 | G122: 1 | H122: 台 | N122: 办公用品
A123: 2025年第10期总经理办公会会议纪要 | B123: 331000007119 | C123: 台式电脑 | D123: 台式机 | E123: 3332.48 | F123: 99.97 | G123: 1 | H123: 台 | N123: 办公用品
A124: 2025年第10期总经理办公会会议纪要 | B124: 331000163501 | C124: 台式电脑 | D124: 台式机 | E124: 2819.66 | F124: 84.59 | G124: 1 | H124: 台 | N124: 办公用品
A125: 2025年第10期总经理办公会会议纪要 | B125: 331000182408 | C125: 台式电脑 | D125: 台式机 | E125: 2477.78 | F125: 74.33 | G125: 1 | H125: 台 | N125: 办公用品
A126: 2025年第10期总经理办公会会议纪要 | B126: 331000182412 | C126: 台式电脑 | D126: 台式机 | E126: 2477.78 | F126: 74.33 | G126: 1 | H126: 台 | N126: 办公用品
... A134: 2025年第10期总经理办公会会议纪要 | B134: 331000194002 | C134: 台式电脑 | D134: 台式机 | E134: 4101.71 | F134: 123.05 | G134: 1 | H134: 台 | N134: 办公用品
A135: 2025年第十一次党委会会议纪要 | B135: 331000153244 | C135: 1KV以下电力电缆 | D135: 铜芯电缆 | E135: 2182.22 | F135: 206.55 | G135: 1 | H135: 根 | L135: 玉环干江盐盘村-2 | M135: 331021908000000101
A136: 2025年第十一次党委会会议纪要 | B136: 331000330666 | C136: 基站机房扩容资产-1KV以下电力电缆-ZA-RVV-1KV-1×35mm2-浅蓝色-阻燃软电缆 | D136: 铜芯电缆 | E136: 49.21 | F136: 48.25 | G136: 1 | H136: 根 | L136: 天台坦头东陈-2 | M136: 331023908000000767
A137: 浙江铁塔财务〔2024〕41号 | B137: 331000248789_1 | C137: 一体化机柜 | D137: 一体化机柜（空调型） | E137: 10454.93 | F137: 3057.63 | G137: 1 | H137: 个 | L137: 临海甬台温高铁072货运仓库RRU资源点 | M137: 331082908001900115
A138: 2024年台州公司第二十一次党委会会议纪要 | B138: 331000165355 | C138: 一体化机柜 | D138: 一体化机柜（空调型） | E138: 7054.29 | F138: 211.63 | G138: 1 | H138: 个 | L138: 临海杜桥蓝庭宾馆 | M138: 331082010000000295
A139: 2025年第十一次党委会会议纪要 | B139: 331000104043 | C139: 油机转换箱 | D139: 油机转换箱 | E139: 549.75 | F139: 16.49 | G139: 1 | H139: 个 | L139: 玉环干江盐盘村-2 | M139: 331021908000000101
A140: 2025年第十一次党委会会议纪要 | B140: 331000115268 | C140: 油机转换箱 | D140: 油机转换箱 | E140: 848.19 | F140: 25.45 | G140: 1 | H140: 个 | L140: 路桥邵家村二区 | M140: 331004908000000550
A141: 2025年第十一次党委会会议纪要 | B141: 331000138090 | C141: 油机转换箱 | D141: 油机转换箱 | E141: 1217.74 | F141: 36.53 | G141: 1 | H141: 个 | L141: 临海双港村-2 | M141: 331082908000000436
A142: 2025年第十一次党委会会议纪要 | B142: 331000109167 | C142: 油机转换箱 | D142: 油机转换箱 | E142: 590.15 | F142: 17.7 | G142: 1 | H142: 个 | L142: 天台坦头东陈-2 | M142: 331023908000000767
A143: 2024年台州公司第九次党委会会议纪要 | B143: 331000180174_1 | C143: 室外柜 | D143: 综合柜 | E143: 343.89 | F143: 343.89 | G143: 1 | H143: 个 | L143: 路桥横街九郎山 | M143: 331004908000000578
A144: 浙江铁塔财务〔2022〕76号关于2022年12月全省固定资产报废申请（第一批）的批复 | B144: 331000261325 | C144: 电源扩容资产 | D144: 走线架 | E144: 1205.94 | F144: 1027.21 | G144: 1 | H144: 个 | L144: 台州椒江台州学院椒江附中 | M144: 331002908000000848
A145: 浙江铁塔财务〔2022〕76号关于2022年12月全省固定资产报废申请（第一批）的批复 | B145: 331000195685 | C145: 机房配套扩容资产 | D145: 走线架 | E145: 390.98 | F145: 111.76 | G145: 1 | H145: 个 | L145: 台州椒江台州学院椒江附中 | M145: 331002908000000848
A146: 2025年第十一次党委会会议纪要 | B146: 331000103186 | C146: 组合开关电源 | D146: 组合开关电源柜 | E146: 899.35 | F146: 26.98 | G146: 1 | H146: 架 | J146: 组合式 | L146: 临海汾西 | M146: 331082908000001185
A147: 2025年第十一次党委会会议纪要 | B147: 331000115272 | C147: 组合开关电源 | D147: 组合开关电源柜 | E147: 7514.04 | F147: 225.42 | G147: 1 | H147: 架 | J147: 组合式 | L147: 路桥邵家村二区 | M147: 331004908000000550
A148: 2025年第十一次党委会会议纪要 | B148: 331000109170 | C148: 组合开关电源 | D148: 组合开关电源柜 | E148: 212.4 | F148: 6.37 | G148: 1 | H148: 架 | J148: 组合式 | L148: 天台坦头东陈-2 | M148: 331023908000000767
A149: 2025年第一次党委会会议纪要 | B149: 331000221308 | C149: 组合式开关电源 | D149: 组合开关电源柜 | E149: 9742.42 | F149: 1736.51 | G149: 1 | H149: 架 | J149: 组合式 | L149: 仙居淡竹昔下搬迁 | M149: 331024500000001463
A150: 2025年第十一次党委会会议纪要 | B150: 331000109841 | C150: 组合开关电源 | D150: 组合开关电源柜 | E150: 503.7 | F150: 15.11 | G150: 1 | H150: 架 | J150: 组合式 | L150: 黄岩南城柯的蒙公司 | M150: 331003908000000278
A151: 2024年台州公司第二十一次党委会会议纪要 | B151: 331000103568 | C151: 组合开关电源 | D151: 组合开关电源柜 | E151: 899.35 | F151: 26.98 | G151: 1 | H151: 架 | J151: 组合式 | L151: 三门里金 | M151: 331022908000000395
A152: 2024年台州公司第二十一次党委会会议纪要 | B152: 331000116865 | C152: 组合开关电源 | D152: 组合开关电源柜 | E152: 1239.55 | F152: 37.19 | G152: 1 | H152: 架 | J152: 组合式 | L152: 三门彭赖 | M152: 331022908000000533

Sheet 宁波
A1: *报废批复文号 | B1: *资产编码 | C1: *资产名称 | D1: *资产类别名称 | E1: *资产原值（元，不含税） | F1: *资产净值（元，不含税） | G1: *资产数量 | H1: *计量单位 | I1: 单节电池电压 | J1: *规格型号 | K1: 生产厂家 | L1: *站点名称 | M1: *站点编码 | N1: 备注
A2: 总经理办公会纪要〔2025〕第21期 | B2: 330200443708 | C2: 外市电引入 | D2: 外市电引入 | E2: 10910.9 | F2: 7546.77 | G2: 1 | H2: 米 | J2: 4X25黑铝线 | L2: 宁波鄞州劝学里TT21 | M2: 330212500010002618
A3: 总经理办公会纪要〔2025〕第28期 | B3: 330200354114 | C3: 电源扩容资产 | D3: 电源扩容资产 | E3: 201.65 | F3: 6.05 | G3: 1 | H3: 个 | J3: 供电计量设备 | L3: 余姚梁弄北搬迁 | M3: 330281500000000100
A4: 总经理办公会纪要〔2025〕第28期 | B4: 330200131725 | C4: 整流设备-组合开关电源 | D4: 组合式开关电源 | E4: 898.2 | F4: 26.95 | G4: 1 | H4: 个 | J4: 48V-600A(50A模块)-200A | K4: 艾默生 | L4: 茅洋坟山 | M4: 330225908000000581
A5: 总经理办公会纪要〔2025〕第28期 | B5: 330200357176 | C5: 组合式开关电源 | D5: 组合式开关电源 | E5: 9857.02 | F5: 295.71 | G5: 1 | H5: 个 | J5: 48V/600A高效系统(50A高效模块)150A | K5: 中兴 | L5: 象大林二 | M5: 330225908000000773
A6: 总经理办公会纪要〔2025〕第28期 | B6: 330200484345 | C6: 动力及环境监控单元-微站型FSU-交流-4G全网通-室外型-低温 | D6: 动力及环境监控单元 | E6: 528.25 | F6: 385.99 | G6: 1 | H6: 套 | J6: CTFSU-24-YYTD-01 | K6: 义益 | L6: 宁波鄞州园丁社区NR | M6: 330212500010002869
A7: 总经理办公会纪要〔2025〕第28期 | B7: 330200128006 | C7: 整流设备-组合开关电源 | D7: 组合式开关电源 | E7: 898.2 | F7: 26.95 | G7: 1 | H7: 个 | J7: 48V-400A(50A模块)-200A | K7: 艾默生 | L7: 丈亭施岙（联通传输节点） | M7: 330281908000000936
A8: 总经理办公会纪要〔2025〕第28期 | B8: 330200323074 | C8: (中达电通)-开关电源及电源模块-开关电源 | D8: 组合式开关电源 | E8: 7687.97 | F8: 230.64 | G8: 1 | H8: 个 | J8: 落地式开关电源-48V/600A方案A | K8: 中达电通股份有限公司 | L8: 余姚大将桥 | M8: 33028100000308
A9: 总经理办公会纪要〔2025〕第28期 | B9: 330200306322 | C9: 开关电源 | D9: 组合式开关电源 | E9: 2450.22 | F9: 73.51 | G9: 1 | H9: 个 | J9: 开关电源配套设备--壁挂式开关电源系统---48V | K9: 中恒 | L9: 宁波市鄞州区YZ同岙 | M9: 330212908000002035
A10: 总经理办公会纪要〔2025〕第28期 | B10: 330200107655 | C10: 组合式开关电源 | D10: 组合式开关电源 | E10: 824.4 | F10: 24.73 | G10: 1 | H10: 套 | J10: 48V-100A(30A模块)-120 | K10: 中达电通股份有限公司 | L10: 宁波鄞州宝艺珠宝 | M10: 330212010000001154
A11: 总经理办公会纪要〔2025〕第28期 | B11: 330200312420 | C11: 嵌入式高频开关电源-48V/300A高效系统(50A高效模块，共用电源系统，三相交流输入)-100A | D11: 嵌入式开关电源 | E11: 6130.88 | F11: 183.93 | G11: 1 | H11: 套 | J11: 嵌入式高频开关电源-48V/300A高效系统(50A高效模块，共用电源系统，三相交流输入)-100A | K11: 北京动力源科技股份有限公司 | L11: 宁波鄞州宝艺珠宝 | M11: 330212010000001154
A12: 总经理办公会纪要〔2025〕第28期 | B12: 330200115592 | C12: 组合式开关电源 | D12: 组合式开关电源 | E12: 863.35 | F12: 25.9 | G12: 1 | H12: 个 | J12: 48V-540A(25A模块)-225 | K12: 杭州中恒电气股份有限公司 | L12: 宁波市江东区JD太古城 | M12: 330204908000000023
A13: 总经理办公会纪要〔2025〕第28期 | B13: 330200346270 | C13: 整流模块 | D13: 整流模块 | E13: 1434.61 | F13: 43.04 | G13: 1 | H13: 个 | J13: 高效模块50A | L13: 宁波市鄞州区YZ同岙 | M13: 330212908000002035
A14: 总经理办公会纪要〔2025〕第28期 | B14: 330200346271 | C14: 整流模块 | D14: 整流模块 | E14: 1434.63 | F14: 43.04 | G14: 1 | H14: 个 | J14: 高效模块50A | L14: 宁波市鄞州区YZ同岙 | M14: 330212908000002035
A15: 总经理办公会纪要〔2025〕第28期 | B15: 330200346272 | C15: 整流模块 | D15: 整流模块 | E15: 1434.63 | F15: 43.04 | G15: 1 | H15: 个 | J15: 高效模块50A | L15: 宁波市鄞州区YZ同岙 | M15: 330212908000002035
A16: 总经理办公会纪要〔2025〕第28期 | B16: 330200346273 | C16: 整流模块 | D16: 整流模块 | E16: 1434.63 | F16: 43.04 | G16: 1 | H16: 个 | J16: 高效模块50A | L16: 宁波市鄞州区YZ同岙 | M16: 330212908000002035
A17: 总经理办公会纪要〔2025〕第28期 | B17: 330200145698 | C17: 组合式开关电源 | D17: 组合式开关电源 | E17: 568.47 | F17: 17.05 | G17: 1 | H17: 个 | J17: 48V-600A(60A模块)-180 | K17: 施威特克电源（中国）公司 | L17: 北仑白峰门浦 | M17: 330206908000000548
A18: 总经理办公会纪要〔2025〕第28期 | B18: 330200415188 | C18: 嵌入式开关电源 | D18: 嵌入式开关电源 | E18: 5603.62 | F18: 1682.61 | G18: 1 | H18: 套 | J18: 嵌入式开关电源嵌入式高频开关电源配件嵌入式电源插框共用电源系统450A/75A智能电源-高效电源插框 | K18: 华为 | L18: 宁波海曙冯家村 | M18: 330203500000001673
A19: 总经理办公会纪要〔2025〕第28期 | B19: 330200387213 | C19: 嵌入式开关电源 | D19: 嵌入式开关电源 | E19: 13192.08 | F19: 1464.75 | G19: 1 | H19: 套 | J19: 48V/300A高效系统(50A高效模块，共用电源系统，三相交流输入)200A | K19: 中达 | L19: 宁波市慈溪市CX掌起陈家 | M19: 330282908000000829
A20: 总经理办公会纪要〔2025〕第28期 | B20: 330200420978 | C20: 壁挂式开关电源 | D20: 壁挂式开关电源 | E20: 3172.38 | F20: 1035.41 | G20: 1 | H20: 个 | J20: 壁挂式开关电源自冷型1500W防护等级IP65含20AH（锂电池） | K20: 珠海华跃 | L20: 宁波海曙联丰世纪苑东搬迁 | M20: 330203500010002277
A21: 总经理办公会纪要〔2025〕第28期 | B21: 330200332694 | C21: 交流配电箱（整机或机箱） | D21: 交流配电箱 | E21: 4794.97 | F21: 143.85 | G21: 1 | H21: 个 | J21: 壁挂式380V/100A内置100KASPD | K21: 宁波甬发通信设备制造有限公司 | L21: 宁波象山丹宁路 | M21: 33022500000593
A22: 总经理办公会纪要〔2025〕第28期 | B22: 330200321445 | C22: (杭州中恒)-开关电源及电源模块-开关电源 | D22: 组合式开关电源 | E22: 8863.21 | F22: 265.9 | G22: 1 | H22: 个 | J22: 落地式开关电源-48V/600A方案A | K22: 杭州中恒电气股份有限公司 | L22: 宁波象山丹宁路 | M22: 33022500000593
A23: 总经理办公会纪要〔2025〕第28期 | B23: 330200321448 | C23: (北京融和创)-空调及空调零部件-空调 | D23: 基站空调柜式 | E23: 6245.6 | F23: 187.37 | G23: 1 | H23: 台 | J23: 3P 三相柜式（单冷） | K23: 北京融和创科技有限公司 | L23: 宁波象山丹宁路 | M23: 33022500000593
A24: 总经理办公会纪要〔2025〕第28期 | B24: 330200321454 | C24: (融汇)-基站用综合柜-基站用综合柜 | D24: 配套机架/机柜 | E24: 1885.9 | F24: 56.58 | G24: 1 | H24: 个 | J24: 带配电单元的基站用综合柜（600*600*2000mm） | K24: 浙江融汇通信设备有限公司 | L24: 宁波象山丹宁路 | M24: 33022500000593
A25: 总经理办公会纪要〔2025〕第28期 | B25: 330200321455 | C25: 外市电引入 | D25: 外市电引入 | E25: 7119.49 | F25: 59.32 | G25: 1 | H25: 米 | J25: 4X25黑铝 | L25: 宁波象山丹宁路 | M25: 33022500000593
A26: 总经理办公会纪要〔2025〕第28期 | B26: 330200354136 | C26: 动力及环境监控单元 | D26: 动力及环境监控单元 | E26: 2810.95 | F26: 84.33 | G26: 1 | H26: 套 | J26: 主设备室外型成套设备 | L26: 宁波象山丹宁路 | M26: 33022500000593
A27: 总经理办公会纪要〔2025〕第28期 | B27: 330200321446 | C27: (省邮电工程)-油机切换箱-油机切换箱 | D27: 油机转换箱 | E27: 2328.36 | F27: 69.85 | G27: 1 | H27: 个 | J27: 端子排：100A/4P | K27: 浙江省邮电工程建设有限公司 | L27: 宁波象山丹宁路 | M27: 33022500000593
A28: 总经理办公会纪要〔2025〕第28期 | B28: 330200342252 | C28: (志诚动力)-油机切换箱-油机切换箱 | D28: 油机转换箱 | E28: 1197.79 | F28: 35.93 | G28: 1 | H28: 个 | J28: 端子排：63A/2P | K28: 志诚动力科技（杭州）有限公司 | L28: 宁波象山丹宁路 | M28: 33022500000593
A29: 总经理办公会纪要〔2025〕第28期 | B29: 330200104675 | C29: 组合开关电源 | D29: 组合式开关电源 | E29: 5197.44 | F29: 155.92 | G29: 1 | H29: 个 | J29: 48V-600A(50A模块)-200A | K29: 艾默生 | L29: 鄞湾底村 | M29: 330212908000000912
A30: 总经理办公会纪要〔2025〕第28期 | B30: 330200105440 | C30: 整流设备-组合开关电源 | D30: 组合式开关电源 | E30: 898.2 | F30: 26.95 | G30: 1 | H30: 个 | J30: 48V-400A(50A模块)-200A | K30: 艾默生 | L30: 宁柯仙村 | M30: 330226908000000423
A31: 总经理办公会纪要〔2025〕第28期 | B31: 330200122627 | C31: 组合式开关电源 | D31: 组合式开关电源 | E31: 5178.03 | F31: 155.34 | G31: 1 | H31: 个 | J31: 48V-720A(50A模块)-150 | K31: 施威特克电源（中国）公司 | L31: 宁波市北仑区BL沿亭 | M31: 330206908000000256
A32: 总经理办公会纪要〔2025〕第28期 | B32: 330200338907 | C32: 嵌入式高频开关电源-48V/300A高效系统(50A高效模块，共用电源系统，三相交流输入)-100A | D32: 嵌入式开关电源 | E32: 5510.56 | F32: 165.32 | G32: 1 | H32: 套 | J32: 嵌入式高频开关电源-48V/300A高效系统(50A高效模块，共用电源系统，三相交流输入)-100A | K32: 中达电通股份有限公司 | L32: 宁波市奉化市FH中横 | M32: 330283908000000245
A33: 总经理办公会纪要〔2025〕第28期 | B33: 330200345531 | C33: (中达电通)-开关电源及电源模块-开关电源 | D33: 壁挂式开关电源 | E33: 6652.56 | F33: 199.58 | G33: 1 | H33: 个 | J33: 壁挂式开关电源32A/3P*1 | K33: 中达电通股份有限公司 | L33: 宁波奉化秀水路（移动5G） | M33: 33028300000002
A34: 总经理办公会纪要〔2025〕第28期 | B34: 330200115670 | C34: 组合式开关电源 | D34: 组合式开关电源 | E34: 2118 | F34: 63.54 | G34: 1 | H34: 个 | J34: 48V-600A（30A模块）-90 | K34: 杭州中恒电气股份有限公司 | L34: 宁波市余姚市YY余姚胜利村（新建12） | M34: 330281908000000141
A35: 总经理办公会纪要〔2025〕第28期 | B35: 330200304356 | C35: 开关电源 | D35: 组合式开关电源 | E35: 5465.89 | F35: 163.98 | G35: 1 | H35: 个 | J35: 机架30A，48V壁挂开关电源架 | K35: 中恒 | L35: 宁波镇海岚山水库搬迁 | M35: 330211500000001494
A36: 总经理办公会纪要〔2025〕第28期 | B36: 330200332388 | C36: 开关电源（整机或机架） | D36: 嵌入式开关电源 | E36: 5604.29 | F36: 168.13 | G36: 1 | H36: 套 | J36: 嵌入式开关电源32A/3P*1（室外标准机柜用） | K36: 杭州中恒电气股份有限公司 | L36: 鄞州钱湖隐学岭 | M36: 33021200000375
A37: 总经理办公会纪要〔2025〕第28期 | B37: 330200508719 | C37: 施工-宏站-新建-外市电引入-线缆敷设-低压(三相380V)-直供电 | D37: 外市电引入 | E37: 9575.9 | F37: 8306.11 | G37: 1 | H37: 米 | J37: 4X25黒铝线 | L37: 宁波余姚城隍涂五丘YD | M37: 330281500010002186
A38: 总经理办公会纪要〔2025〕第28期 | B38: 330200371167 | C38: 机房配套扩容资产 | D38: 机房配套扩容资产 | E38: 723.23 | F38: 21.7 | G38: 1 | H38: 个 | J38: 监控传感器智能门禁配套物资简易锁(一体化柜) | L38: 慈新浦工业南 | M38: 330282908000000704
A39: 总经理办公会纪要〔2025〕第28期 | B39: 330200353667 | C39: 动力及环境监控单元 | D39: 动力及环境监控单元 | E39: 3566.88 | F39: 107.01 | G39: 1 | H39: 套 | J39: 主设备室内型成套设备基本配置模型 | L39: 慈新浦工业南 | M39: 330282908000000704
A40: 总经理办公会纪要〔2025〕第28期 | B40: 330200116372 | C40: 低压配电设备-交流配电箱 | D40: 交流配电箱 | E40: 2698.16 | F40: 80.94 | G40: 1 | H40: 个 | J40: ZBX1R-20大 | K40: 浙宝 | L40: 姜山菜场 | M40: 330212908000000865
A41: 总经理办公会纪要〔2025〕第28期 | B41: 330200116369 | C41: 整流设备-组合开关电源 | D41: 组合式开关电源 | E41: 1146.6 | F41: 34.4 | G41: 1 | H41: 个 | J41: 48V-600A(50A模块)-200A | K41: 中兴 | L41: 姜山菜场 | M41: 330212908000000865
A42: 总经理办公会纪要〔2025〕第28期 | B42: 330200368166 | C42: (自购-器材厂)-直流配电箱 | D42: 直流配电设备 | E42: 2587.66 | F42: 77.63 | G42: 1 | H42: 个 | J42: 350*350*100 | K42: 浙江省邮电器材公司杭州设备分公司 | L42: 姜山菜场 | M42: 330212908000000865
A43: 总经理办公会纪要〔2025〕第28期 | B43: 330200370199 | C43: 动力及环境监控单元 | D43: 动力及环境监控单元 | E43: 3682.62 | F43: 110.48 | G43: 1 | H43: 套 | J43: 主设备室内型成套设备基本配置模型 | K43: 邦讯 | L43: 姜山菜场 | M43: 330212908000000865
A44: 总经理办公会纪要〔2025〕第28期 | B44: 330200116371 | C44: 其它电源设备-过压保护器 | D44: 低压避雷设施 | E44: 1231.91 | F44: 36.96 | G44: 1 | H44: 面 | J44: YD80K385-3+1J | K44: 深圳盾牌 | L44: 姜山菜场 | M44: 330212908000000865
A45: 总经理办公会纪要〔2025〕第28期 | B45: 330200419809 | C45: 机房配套扩容资产 | D45: 机房配套扩容资产 | E45: 641.66 | F45: 209.44 | G45: 1 | H45: 个 | J45: 普通空调基站智能空调控制器 | K45: 恒古 | L45: 姜山菜场 | M45: 330212908000000865
A46: 总经理办公会纪要〔2025〕第28期 | B46: 330200135855 | C46: 组合开关电源 | D46: 组合式开关电源 | E46: 299.4 | F46: 8.98 | G46: 1 | H46: 个 | J46: 48V-600A(50A模块)-200A | K46: 艾默生网络能源有限公司 | L46: 镇海庙戴-2 | M46: 330211908000000531
A47: 总经理办公会纪要〔2025〕第28期 | B47: 330200320185 | C47: (中达电通)-开关电源及电源模块-开关电源 | D47: 组合式开关电源 | E47: 7679.93 | F47: 230.4 | G47: 1 | H47: 个 | J47: 落地式开关电源-48V/600A方案A | K47: 中达电通股份有限公司 | L47: 宁波镇海耕渔南路刘家 | M47: 33021101000316
A48: 总经理办公会纪要〔2025〕第28期 | B48: 330200146087 | C48: 组合开关电源 | D48: 组合式开关电源 | E48: 299.4 | F48: 8.98 | G48: 1 | H48: 个 | J48: 48V-600A(50A模块)-200A | K48: 艾默生网络能源有限公司 | L48: 镇人民大会堂（联通多BBU站点） | M48: 330211908000000424
A49: 总经理办公会纪要〔2025〕第28期 | B49: 330200361435 | C49: 普通空调壁挂 | D49: 基站空调壁挂 | E49: 3955.84 | F49: 118.68 | G49: 1 | H49: 台 | J49: 2P单冷单相整机 | K49: 海信 | L49: 宁波镇海新城吾悦广场（移动VIP） | M49: 330211500000000179
A50: 总经理办公会纪要〔2025〕第28期 | B50: 330200376718 | C50: 普通空调壁挂 | D50: 基站空调壁挂 | E50: 4033.73 | F50: 121.01 | G50: 1 | H50: 台 | J50: 2P单冷单相整机 | K50: 海信 | L50: 宁波江北云鹭湾五期搬迁 | M50: 330205500000001497
A51: 总经理办公会纪要〔2025〕第28期 | B51: 330200353383 | C51: 普通空调壁挂 | D51: 基站空调壁挂 | E51: 4237.77 | F51: 127.13 | G51: 1 | H51: 台 | J51: 2P单冷单相整机 | K51: 海信 | L51: 宁波市余姚市YY天鹅湾西基站 | M51: 330281908000000577
... A65: 总经理办公会纪要〔2025〕第28期 | B65: 330200322861 | C65: (金华中兴)-室外标准机柜-室外设备柜 | D65: 一体化机柜 | E65: 7680.39 | F65: 230.41 | G65: 1 | H65: 个 | J65: 类型2制冷方式为自然风冷-直流，双面单开门 | K65: 金华中兴通信技术有限公司 | L65: 鄞古林任家 | M65: 330212500000000266
A66: 总经理办公会纪要〔2025〕第28期 | B66: 330200311382 | C66: 外市电引入 | D66: 外市电引入 | E66: 6551.72 | F66: 436.3 | G66: 1 | H66: 米 | J66: 2x6黑线 | L66: 鄞古林任家 | M66: 330212500000000266
A67: 总经理办公会纪要〔2025〕第28期 | B67: 330200342209 | C67: (广州邦讯)-动环智能控制单元FSU | D67: 动力及环境监控单元 | E67: 3854.73 | F67: 115.64 | G67: 1 | H67: 套 | J67: DCD8030W | K67: 广州邦讯信息系统有限公司 | L67: 鄞古林任家 | M67: 330212500000000266
A68: 总经理办公会纪要〔2025〕第28期 | B68: 330200357580 | C68: 机房配套扩容资产 | D68: 机房配套扩容资产 | E68: 378.05 | F68: 11.34 | G68: 1 | H68: 套 | J68: 通信与位置服务模块通信与位置服务模块（移动版） | L68: 鄞古林任家 | M68: 330212500000000266
A69: 总经理办公会纪要〔2025〕第28期 | B69: 330200148026 | C69: 开关电源 | D69: 组合式开关电源 | E69: 5791.99 | F69: 173.76 | G69: 1 | H69: 个 | J69: PS48300-3B-2900 | K69: 艾黙生 | L69: 宁波市宁海县上金村 | M69: 330226908000001082
A70: 总经理办公会纪要〔2025〕第28期 | B70: 330200129953 | C70: 组合式开关电源 | D70: 组合式开关电源 | E70: 5178.03 | F70: 155.34 | G70: 1 | H70: 个 | J70: 48V-720A(50A模块)-150 | K70: 施威特克电源（中国）公司 | L70: 宁波市北仑区BL山下王 | M70: 330206908000000152
A71: 总经理办公会纪要〔2025〕第28期 | B71: 330200341623 | C71: 嵌入式高频开关电源-48V/300A高效系统(50A高效模块，共用电源系统，三相交流输入)-100A | D71: 嵌入式开关电源 | E71: 8732.19 | F71: 261.97 | G71: 1 | H71: 套 | J71: 48V/300A高效系统 | K71: 中达电通股份有限公司 | L71: 宁波宁海火车站南 | M71: 330226500000000169
A72: 总经理办公会纪要〔2025〕第28期 | B72: 330200366224 | C72: 嵌入式开关电源 | D72: 嵌入式开关电源 | E72: 6619.36 | F72: 198.58 | G72: 1 | H72: 套 | J72: 48V/300A高效系统(50A高效模块，共用电源系统，三相交流输入)200A | L72: 宁波慈溪范市惠泽塑料 | M72: 330282500000001735
A73: 总经理办公会纪要〔2025〕第28期 | B73: 330200344633 | C73: 开关电源（整机或机架） | D73: 组合式开关电源 | E73: 5560.07 | F73: 166.8 | G73: 1 | H73: 个 | J73: 落地式开关电源-48V/600A方案A | K73: 北京动力源科技股份有限公司 | L73: 宁波慈溪慈东中联毛绒 | M73: 330282010000001133
A74: 总经理办公会纪要〔2025〕第28期 | B74: 330200308286 | C74: 开关电源 | D74: 组合式开关电源 | E74: 252.3 | F74: 7.57 | G74: 1 | H74: 个 | J74: 开关电源 | K74: 中恒 | L74: 宁波慈溪湖塘下 | M74: 330282500000000085
A75: 总经理办公会纪要〔2025〕第28期 | B75: 330200142186 | C75: 组合开关电源 | D75: 组合式开关电源 | E75: 9277.18 | F75: 278.32 | G75: 1 | H75: 个 | J75: PS48300-3B-2900-X2 | K75: 艾默生网络能源有限公司 | L75: 鄞县姜山（联通多BBU站点+电信VIP） | M75: 330212908000000052
A76: 总经理办公会纪要〔2025〕第28期 | B76: 330200149754 | C76: 组合式开关电源 | D76: 组合式开关电源 | E76: 783 | F76: 23.49 | G76: 1 | H76: 个 | J76: 48V-120A(30A模块)-120 | K76: 施威特克电源（中国）公司 | L76: 三溪别墅 | M76: 330283908000000412
A77: 总经理办公会纪要〔2025〕第28期 | B77: 330200104475 | C77: 组合式开关电源 | D77: 组合式开关电源 | E77: 542.87 | F77: 16.29 | G77: 1 | H77: 个 | J77: 48V-720A（50A模块）-200 | K77: 杭州中恒电气股份有限公司 | L77: 宁波市奉化市FH湖头渡 | M77: 330283908000000498
A78: 总经理办公会纪要〔2025〕第28期 | B78: 330200123608 | C78: 组合式开关电源 | D78: 组合式开关电源 | E78: 6776.68 | F78: 203.3 | G78: 1 | H78: 个 | J78: 48V-300A（50A模块）-150 | K78: 杭州中恒电气股份有限公司 | L78: 宁波镇海田顾工业区南（移动VIP） | M78: 33021101000346
A79: 总经理办公会纪要〔2025〕第28期 | B79: 330200332942 | C79: 开关电源（整机或机架） | D79: 组合式开关电源 | E79: 8437.89 | F79: 253.14 | G79: 1 | H79: 个 | J79: 落地式开关电源-48V/600A方案A | K79: 杭州中恒电气股份有限公司 | L79: 宁波奉化楼隘工业区南 | M79: 33028300000005
A80: 总经理办公会纪要〔2025〕第28期 | B80: 330200305753 | C80: 交流配电设备 | D80: 交流配电箱 | E80: 14942.85 | F80: 448.29 | G80: 1 | H80: 个 | J80: 交流配电设备 | K80: 隆兴 | L80: 宁波市鄞州区YZ东裕三期 | M80: 330212908000001181
A81: 总经理办公会纪要〔2025〕第28期 | B81: 330200142598 | C81: 组合式开关电源 | D81: 组合式开关电源 | E81: 4325.43 | F81: 129.76 | G81: 1 | H81: 套 | J81: 48V-600A(30A模块)-120 | K81: 杭州中恒电气股份有限公司 | L81: 宁波市鄞州区YZ东裕三期 | M81: 330212908000001181
A82: 总经理办公会纪要〔2025〕第28期 | B82: 330200384493 | C82: 电源扩容资产 | D82: 电源扩容资产 | E82: 687.73 | F82: 57.69 | G82: 1 | H82: 个 | J82: 通用配件电表箱250mm*400mm*140mm | K82: 雅达 | L82: 宁波市鄞州区YZ东裕三期 | M82: 330212908000001181
A83: 总经理办公会纪要〔2025〕第28期 | B83: 330200121371 | C83: 组合开关电源 | D83: 组合式开关电源 | E83: 299.4 | F83: 8.98 | G83: 1 | H83: 个 | J83: 48V-600A(50A模块)-200A | K83: 艾默生网络能源有限公司 | L83: 梅山碑塔 | M83: 330206908000000730
A84: 总经理办公会纪要〔2025〕第28期 | B84: 330200320562 | C84: 嵌入式开关电源 | D84: 嵌入式开关电源 | E84: 4076.98 | F84: 122.31 | G84: 1 | H84: 套 | J84: 嵌入式开关电源32A/3P*1（室外标准机柜用） | K84: 北京动力源科技股份有限公司 | L84: 北仑小港新建村工业区 | M84: 330283500000000028
... A88: 总经理办公会纪要〔2025〕第28期 | B88: 330200304749 | C88: 专用空调 | D88: 基站专用空调 | E88: 4117.08 | F88: 123.51 | G88: 1 | H88: 个 | J88: 3P柜机 | K88: 华凌 | L88: 宁波镇海庙后村 | M88: 33021101000325
A89: 总经理办公会纪要〔2025〕第28期 | B89: 330200395920 | C89: 电源扩容资产 | D89: 电源扩容资产 | E89: 713.93 | F89: 117.57 | G89: 1 | H89: 个 | J89: 低压智能电表三相四路 | L89: 宁波镇海庙后村 | M89: 33021101000325
A90: 总经理办公会纪要〔2025〕第28期 | B90: 330200004749 | C90: 外市电引入 | D90: 外市电引入 | E90: 37626.2 | F90: 621.81 | G90: 1 | H90: 米 | J90: 4X25黑铝线 | L90: 宁波镇海庙后村 | M90: 33021101000325
A91: 总经理办公会纪要〔2025〕第28期 | B91: 330200351504 | C91: 动力及环境监控单元 | D91: 动力及环境监控单元 | E91: 2937.63 | F91: 88.13 | G91: 1 | H91: 套 | J91: 主设备室内型成套设备基本配置模型 | K91: 中兴力维 | L91: 宁波镇海庙后村 | M91: 33021101000325
A92: 总经理办公会纪要〔2025〕第28期 | B92: 330200362928 | C92: 砖混房屋 | D92: 基站构筑物(砖混) | E92: 635 | F92: 464.85 | G92: 1 | H92: 个 | J92: 电控锁 | L92: 宁波镇海庙后村 | M92: 33021101000325
A93: 总经理办公会纪要〔2025〕第28期 | B93: 330200398118 | C93: 电力引入扩容资产 | D93: 电力引入扩容资产 | E93: 480.08 | F93: 243.28 | G93: 1 | H93: 个 | J93: 直流计量终端6分路 | L93: 宁波镇海庙后村 | M93: 33021101000325
A94: 总经理办公会纪要〔2025〕第28期 | B94: 330200127141 | C94: 组合式开关电源 | D94: 组合式开关电源 | E94: 512.94 | F94: 15.39 | G94: 1 | H94: 个 | J94: 48V-600A（50A模块）-150 | K94: 施威特克电源（中国）公司 | L94: 宁波市镇海区ZH热电厂 | M94: 330211908000000167
A95: 总经理办公会纪要〔2025〕第28期 | B95: 330200104936 | C95: 组合开关电源 | D95: 组合式开关电源 | E95: 382.2 | F95: 11.47 | G95: 1 | H95: 个 | J95: 48V-600A(50A模块)-200A | K95: 中兴通讯股份有限公司 | L95: 江北金领公寓 | M95: 330205908000000185
A96: 总经理办公会纪要〔2025〕第28期 | B96: 330200124786 | C96: 低压配电设备-交流配电箱 | D96: 交流配电箱 | E96: 2918.44 | F96: 87.55 | G96: 1 | H96: 个 | J96: ZBX1R-20大 | K96: 浙宝 | L96: 方桥上陈 | M96: 330283908000000812
A97: 总经理办公会纪要〔2025〕第28期 | B97: 330200423807 | C97: 基站机房扩容资产 | D97: 基站机房扩容资产 | E97: 216.19 | F97: 182.59 | G97: 1 | H97: 个 | J97: 室内走线架600mm室内走线架 | L97: 方桥上陈 | M97: 330283908000000812
A98: 总经理办公会纪要〔2025〕第28期 | B98: 330200447356 | C98: 基站机房扩容资产 | D98: 基站机房扩容资产 | E98: 111.34 | F98: 100.18 | G98: 1 | H98: 米 | J98: 1KV以下电力电缆阻燃软电缆ZA-RVV1x35浅蓝阻燃软电缆-ZA-RVV（规格型号：1x35)-浅蓝 | L98: 方桥上陈 | M98: 330283908000000812
A99: 总经理办公会纪要〔2025〕第28期 | B99: 330200142000 | C99: 1KV以下电力电缆 | D99: 1KV以下电力电缆 | E99: 8068.15 | F99: 698.54 | G99: 1 | H99: 米 | J99: 4×25 | K99: 萧云 | L99: 方桥上陈 | M99: 330283908000000812
A100: 总经理办公会纪要〔2025〕第28期 | B100: 330200354792 | C100: 1KV以下电力电缆 | D100: 1KV以下电力电缆 | E100: 630.78 | F100: 171.77 | G100: 1 | H100: 米 | J100: 1KV以下电力电缆铜芯阻燃聚氯乙烯绝缘聚氯乙烯护套软电缆ZA-RVV 1*95mm2黑 | L100: 方桥上陈 | M100: 330283908000000812
A101: 总经理办公会纪要〔2025〕第28期 | B101: 330200348310 | C101: 动力及环境监控单元 | D101: 动力及环境监控单元 | E101: 2805.8 | F101: 84.17 | G101: 1 | H101: 套 | J101: 主设备室内型成套设备基本配置模型 | L101: 方桥上陈 | M101: 330283908000000812
A102: 总经理办公会纪要〔2025〕第28期 | B102: 330200124787 | C102: 其它电源设备-过压保护器 | D102: 低压避雷设施 | E102: 1332.32 | F102: 39.97 | G102: 1 | H102: 面 | J102: YD80K385 | K102: 深圳盾牌 | L102: 方桥上陈 | M102: 330283908000000812
A103: 总经理办公会纪要〔2025〕第28期 | B103: 330200379009 | C103: 电源扩容资产 | D103: 电源扩容资产 | E103: 686.79 | F103: 20.6 | G103: 1 | H103: 个 | J103: 通用配件电表箱250mm*400mm*140mm | L103: 方桥上陈 | M103: 330283908000000812
A104: 总经理办公会纪要〔2025〕第28期 | B104: 330200364053 | C104: 机房配套扩容资产 | D104: 机房配套扩容资产 | E104: 390.03 | F104: 11.7 | G104: 1 | H104: 个 | J104: 普通空调基站智能空调控制器 | L104: 方桥上陈 | M104: 330283908000000812
A105: 总经理办公会纪要〔2025〕第28期 | B105: 330200375325 | C105: 机房配套扩容资产 | D105: 机房配套扩容资产 | E105: 323.65 | F105: 9.71 | G105: 1 | H105: 个 | J105: 普通空调基站智能空调控制器 | L105: 方桥上陈 | M105: 330283908000000812
A106: 总经理办公会纪要〔2025〕第28期 | B106: 330200379188 | C106: 电力引入扩容资产 | D106: 电力引入扩容资产 | E106: 383.68 | F106: 160.48 | G106: 1 | H106: 个 | J106: 霍尔传感器电流型输入100A/输出4-20mA | L106: 方桥上陈 | M106: 330283908000000812
A107: 总经理办公会纪要〔2025〕第28期 | B107: 330200443883 | C107: 基站机房扩容资产 | D107: 基站机房扩容资产 | E107: 45.89 | F107: 40.8 | G107: 1 | H107: 个 | J107: 熔丝 | L107: 方桥上陈 | M107: 330283908000000812
A108: 总经理办公会纪要〔2025〕第28期 | B108: 330200101833 | C108: 通用空调-通用空调 | D108: 基站空调柜式 | E108: 864 | F108: 25.92 | G108: 1 | H108: 台 | J108: FVY71LQVLB | K108: 上海大金 | L108: 长河兴瑞 | M108: 330282908000000594
A109: 总经理办公会纪要〔2025〕第28期 | B109: 330200347499 | C109: 普通空调柜式 | D109: 基站空调柜式 | E109: 5947.12 | F109: 178.41 | G109: 1 | H109: 台 | J109: 3P单冷三相整机 | K109: 海信 | L109: 宁波余姚朗霞街道大南王村 | M109: 330281500000000229
A110: 总经理办公会纪要〔2025〕第28期 | B110: 330200305052 | C110: 空调 | D110: 基站空调柜式 | E110: 2164.69 | F110: 64.94 | G110: 1 | H110: 台 | J110: 空调 | K110: 海信 | L110: 宁波鄞州童家村 | M110: 33021200000477
A111: 总经理办公会纪要〔2025〕第28期 | B111: 330200155447 | C111: 通用空调-通用空调 | D111: 基站空调柜式 | E111: 257.5 | F111: 7.73 | G111: 1 | H111: 台 | J111: KFR-75LW-3RF | K111: 广州科龙 | L111: 长河兴瑞 | M111: 330282908000000594
A112: 总经理办公会纪要〔2025〕第28期 | B112: 330200150596 | C112: 室内机 | D112: 基站空调柜式 | E112: 312 | F112: 9.36 | G112: 1 | H112: 台 | J112: LF72W-L（PS-3JAKT-S） | K112: 上海三菱电机 | L112: 镇海秦山 | M112: 330211908000000622
A113: 总经理办公会纪要〔2025〕第28期 | B113: 330200133348 | C113: 专用空调 | D113: 基站空调柜式 | E113: 4091.07 | F113: 122.73 | G113: 1 | H113: 台 | J113: RF73WDT | K113: 三菱重工海尔空调有限公司 | L113: 宁波市慈溪市CX长河南大路东 | M113: 330282908000001231
A114: 总经理办公会纪要〔2025〕第28期 | B114: 330200151270 | C114: 专用空调 | D114: 基站空调柜式 | E114: 4280 | F114: 128.4 | G114: 1 | H114: 台 | J114: LF75WGT | K114: 三菱重工海尔空调有限公司 | L114: 宁波市慈溪市CX周巷天灯舍村 | M114: 330282908000000922
A115: 总经理办公会纪要〔2025〕第28期 | B115: 330200338850 | C115: 嵌入式高频开关电源-48V/300A高效系统(50A高效模块，共用电源系统，三相交流输入)-150A | D115: 嵌入式开关电源 | E115: 8492.55 | F115: 254.78 | G115: 1 | H115: 套 | J115: 嵌入式高频开关电源-48V/300A高效系统(50A高效模块，共用电源系统，三相交流输入)-150A | K115: 杭州中恒电气股份有限公司 | L115: 宁波市江北区JB甬江工业区 | M115: 330205908000000441
A116: 总经理办公会纪要〔2025〕第28期 | B116: 330200127611 | C116: 小型组合开关电源 | D116: 组合式开关电源 | E116: 10993.93 | F116: 329.82 | G116: 1 | H116: 个 | J116: 48V-90A(15A模块)-45A | K116: 易达 | L116: 余姚芝林-2 | M116: 330281908000000810
...

Sheet 金华
A1: *报废批复文号 | B1: *资产编码 | C1: *资产名称 | D1: *资产类别名称 | E1: *资产原值（元，不含税） | F1: *资产净值（元，不含税） | G1: *资产数量 | H1: *计量单位 | I1: 单节电池电压 | J1: *规格型号 | K1: 生产厂家 | L1: *站点名称 | M1: *站点编码 | N1: 备注
A2: 2025年4月7日总经理专题办公会议纪要 | B2: 330700413080 | C2: 供电计量设备 | D2: 通用资产-供电计量设备 | E2: 8658.68 | F2: 5158 | G2: 1 | H2: 个 | J2: 低压电子计量50VKA用 | L2: 义乌商贸城医院 | M2: 33078200000156 | N2: 2025B3
A3: 2025年4月7日总经理专题办公会议纪要 | B3: 330700372637 | C3: 动力及环境监控单元 | D3: 动环 | E3: 2661.11 | F3: 223.25 | G3: 1 | H3: 个 | J3: 主设备室内型成套设备基本配置模型 | L3: 义乌城西比娜 | M3: 330782908000001987 | N3: 2025B3
A4: 2025年4月7日总经理专题办公会议纪要 | B4: 330700367080 | C4: 动力及环境监控单元 | D4: 动环 | E4: 2681.14 | F4: 116.53 | G4: 1 | H4: 个 | J4: 主设备室内型成套设备基本配置模型 | L4: 义乌复兴小区 | M4: 330782908000001679 | N4: 2025B3
A5: 2025年4月7日总经理专题办公会议纪要 | B5: 330700380629 | C5: 动力及环境监控单元 | D5: 动环 | E5: 3488.57 | F5: 387.65 | G5: 1 | H5: 个 | J5: 主设备室内型成套设备基本配置模型 | L5: 义乌横塘村 | M5: 330782010000001902 | N5: 2025B3
A6: 2025年4月7日总经理专题办公会议纪要 | B6: 330700366776 | C6: 动力及环境监控单元 | D6: 动环 | E6: 3710.42 | F6: 161.51 | G6: 1 | H6: 个 | J6: 主设备室内型成套设备基本配置模型 | L6: 义乌货运站南搬迁 | M6: 330782010000001900 | N6: 2025B3
A7: 2025年4月7日总经理专题办公会议纪要 | B7: 330700377949 | C7: 动力及环境监控单元 | D7: 动环 | E7: 2671.62 | F7: 296.12 | G7: 1 | H7: 个 | J7: 主设备室内型成套设备基本配置模型 | L7: 义乌金一建 | M7: 330782908000000728 | N7: 2025B3
A8: 2025年4月7日总经理专题办公会议纪要 | B8: 330700366181 | C8: 动力及环境监控单元 | D8: 动环 | E8: 3823.26 | F8: 114.7 | G8: 1 | H8: 个 | J8: 主设备室内型成套设备双柜配置模型 | L8: 义乌上潘村 | M8: 330782010000001883 | N8: 2025B3
A9: 2025年4月7日总经理专题办公会议纪要 | B9: 330700387070 | C9: 动力及环境监控单元 | D9: 动环 | E9: 4103.51 | F9: 454.22 | G9: 1 | H9: 个 | J9: 主设备室内型成套设备双柜配置模型 | L9: 义乌苏溪新院北 | M9: 330782500000001948 | N9: 2025B3
A10: 2025年4月7日总经理专题办公会议纪要 | B10: 330700385201 | C10: 动力及环境监控单元 | D10: 动环 | E10: 3430.87 | F10: 519.31 | G10: 1 | H10: 个 | J10: 主设备室内型成套设备基本配置模型 | L10: 义乌西毛店搬迁二 | M10: 330782500000002072 | N10: 2025B3
A11: 2025年4月7日总经理专题办公会议纪要 | B11: 330700370083 | C11: 动力及环境监控单元 | D11: 动环 | E11: 3313.4 | F11: 233.33 | G11: 1 | H11: 个 | J11: 主设备室内型成套设备基本配置模型 | L11: 义乌新江村搬迁 | M11: 330782500000001873 | N11: 2025B3
A12: 2025年4月7日总经理专题办公会议纪要 | B12: 330700382104 | C12: 动力及环境监控单元 | D12: 动环 | E12: 2661.8 | F12: 330.9 | G12: 1 | H12: 个 | J12: 主设备室内型成套设备基本配置模型 | L12: 义乌义亭木桥 | M12: 330782908000001980 | N12: 2025B3
A13: 2025年4月7日总经理专题办公会议纪要 | B13: 330700381778 | C13: 动力及环境监控单元 | D13: 动环 | E13: 2661.8 | F13: 330.9 | G13: 1 | H13: 个 | J13: 主设备室内型成套设备基本配置模型 | L13: 义乌张宅一村 | M13: 33078200000085 | N13: 2025B3
... A41: 2025年4月7日总经理专题办公会议纪要 | B41: 330700427635 | C41: 电源扩容资产 | D41: 电源类 | E41: 36.69 | F41: 15.45 | G41: 1 | H41: 个 | J41: 直流分路断路器(50A) | L41: 义乌葛仙路 | M41: 330782908000001295 | N41: 2025B3
A42: 2025年4月7日总经理专题办公会议纪要 | B42: 330700358409 | C42: 动力及环境监控单元 | D42: 动环 | E42: 3132.47 | F42: 93.97 | G42: 1 | H42: 个 | L42: 金东付村北 | M42: 330703500000001526 | N42: 2025B3
A43: 2025年4月7日总经理专题办公会议纪要 | B43: 330700340338 | C43: 动力及环境监控单元 | D43: 动环 | E43: 2937.63 | F43: 88.13 | G43: 1 | H43: 个 | L43: 金华高速服务区北 | M43: 330703908000000567 | N43: 2025B3
A44: 2025年4月7日总经理专题办公会议纪要 | B44: 330700339753 | C44: 动力及环境监控单元 | D44: 动环 | E44: 3353.54 | F44: 100.61 | G44: 1 | H44: 个 | L44: 金华婺城区蒋堂跃龙 | M44: 330702700000087352 | N44: 2025B3
A45: 2025年4月7日总经理专题办公会议纪要 | B45: 330700361615 | C45: 动力及环境监控单元 | D45: 动环 | E45: 4535.66 | F45: 136.07 | G45: 1 | H45: 个 | L45: 婺城万里扬搬迁 | M45: 330702500000001486 | N45: 2025B3
A46: 2025年4月7日总经理专题办公会议纪要 | B46: 330700340765 | C46: 动力及环境监控单元 | D46: 动环 | E46: 2937.63 | F46: 88.13 | G46: 1 | H46: 个 | L46: 永康上徐店村 | M46: 330784908000001486 | N46: 2025B3
A47: 2025年4月7日总经理专题办公会议纪要 | B47: 330700346191 | C47: 动力及环境监控单元 | D47: 动环 | E47: 3574.04 | F47: 107.22 | G47: 1 | H47: 个 | L47: 永康应店-2 | M47: 330784908000001345 | N47: 2025B3
A48: 2025年4月7日总经理专题办公会议纪要 | B48: 330700333624 | C48: 动环监控设备 | D48: 动环 | E48: 3114.44 | F48: 93.43 | G48: 1 | H48: 个 | L48: 永康舟山杨溪王村 | M48: 330784500000000004 | N48: 2025B3
A49: 2025年4月7日总经理专题办公会议纪要 | B49: 330700112566 | C49: 交流配电箱 | D49: 电源类 | E49: 2043.52 | F49: 61.31 | G49: 1 | H49: 个 | J49: 交流配电箱 | L49: 义乌祖科塘 | M49: 330782908000000649 | N49: 2025B3
A50: 2025年4月7日总经理专题办公会议纪要 | B50: 330700354020 | C50: 普通空调柜式 | D50: 空调 | E50: 6173.25 | F50: 185.2 | G50: 1 | H50: 台 | J50: 3P | L50: 义乌祖科塘 | M50: 330782908000000649 | N50: 2025B3
A51: 2025年4月7日总经理专题办公会议纪要 | B51: 330700345620 | C51: 基站机房扩容资产 | D51: 基站构筑物 | E51: 1306.21 | F51: 939.05 | G51: 1 | H51: 个 | J51: 600mm室内走线架 | L51: 义乌祖科塘 | M51: 330782908000000649 | N51: 2025B3
A52: 2025年4月7日总经理专题办公会议纪要 | B52: 330700359022 | C52: 机房配套扩容资产 | D52: 模块 | E52: 295.19 | F52: 8.86 | G52: 1 | H52: 个 | J52: 门禁配套物资电源转换模块 | L52: 义乌祖科塘 | M52: 330782908000000649 | N52: 2025B3
A53: 2025年4月7日总经理专题办公会议纪要 | B53: 330700359023 | C53: 基站构筑物扩容资产 | D53: 基站构筑物 | E53: 425.37 | F53: 311.93 | G53: 1 | H53: 个 | J53: 电控锁 | L53: 义乌祖科塘 | M53: 330782908000000649 | N53: 2025B3
A54: 2025年4月7日总经理专题办公会议纪要 | B54: 330700380853 | C54: 机房配套扩容资产 | D54: 机房配套其他 | E54: 310.79 | F54: 38.61 | G54: 1 | H54: 个 | J54: 空调控制器 | L54: 义乌祖科塘 | M54: 330782908000000649 | N54: 2025B3
A55: 2025年4月7日总经理专题办公会议纪要 | B55: 330700003868 | C55: 外市电引入 | D55: 电力电缆 | E55: 14854 | F55: 355.78 | G55: 1 | H55: 根 | J55: 4x25方20米/根 | L55: 义乌凌云六区 | M55: 33078201000551 | N55: 2025B3
A56: 2025年4月7日总经理专题办公会议纪要 | B56: 330700154121 | C56: 交流配电箱 | D56: 电源类 | E56: 4418.8 | F56: 132.56 | G56: 1 | H56: 个 | J56: 交流配电箱 | L56: 义乌凌云六区 | M56: 33078201000551 | N56: 2025B3
A57: 2025年4月7日总经理专题办公会议纪要 | B57: 330700131818 | C57: 专用空调 | D57: 空调 | E57: 6082.33 | F57: 182.47 | G57: 1 | H57: 台 | J57: 3P | L57: 义乌凌云六区 | M57: 33078201000551 | N57: 2025B3
A58: 2025年4月7日总经理专题办公会议纪要 | B58: 330700359029 | C58: 机房配套扩容资产 | D58: 模块 | E58: 295.19 | F58: 8.86 | G58: 1 | H58: 个 | J58: 门禁配套物资电源转换模块 | L58: 义乌凌云六区 | M58: 33078201000551 | N58: 2025B3
A59: 2025年4月7日总经理专题办公会议纪要 | B59: 330700412301 | C59: 电源扩容资产 | D59: 模块 | E59: 1907.45 | F59: 622.51 | G59: 1 | H59: 个 | J59: 普通模块50A | L59: 义乌凌云六区 | M59: 33078201000551 | N59: 2025B3
A60: 2025年4月7日总经理专题办公会议纪要 | B60: 330700335421 | C60: 动环监控设备FSU | D60: 动环 | E60: 3194.65 | F60: 95.84 | G60: 1 | H60: 个 | L60: 义乌凌云六区 | M60: 33078201000551 | N60: 2025B3
A61: 2025年4月7日总经理专题办公会议纪要 | B61: 330700359028 | C61: 基站构筑物扩容资产 | D61: 基站构筑物 | E61: 425.37 | F61: 318.01 | G61: 1 | H61: 个 | J61: 电控锁 | L61: 义乌凌云六区 | M61: 33078201000551 | N61: 2025B3
A62: 2025年4月7日总经理专题办公会议纪要 | B62: 330700425270 | C62: 机房配套扩容资产 | D62: 机房配套其他 | E62: 361.48 | F62: 142.19 | G62: 1 | H62: 个 | J62: 空调控制器控制器红外模块 | L62: 义乌凌云六区 | M62: 33078201000551 | N62: 2025B3
A63: 2025年4月7日总经理专题办公会议纪要 | B63: 330700392116 | C63: 电力引入扩容资产 | D63: 外市电 | E63: 533.11 | F63: 287.31 | G63: 1 | H63: 个 | J63: 霍尔传感器电流型输入100A | L63: 义乌凌云六区 | M63: 33078201000551 | N63: 2025B3
A64: 2025年4月7日总经理专题办公会议纪要 | B64: 330700494415 | C64: 基站机房扩容资产 | D64: 电力电缆 | E64: 44.75 | F64: 41.5 | G64: 1 | H64: 根 | J64: 1x35方2米/根 | L64: 浦江超界集团二 | M64: 33072601000416 | N64: 2025B3
A65: 2025年4月7日总经理专题办公会议纪要 | B65: 330700407146 | C65: 基站机房扩容资产 | D65: 电力电缆 | E65: 339.19 | F65: 283.1 | G65: 1 | H65: 根 | J65: 4x25方5米/根 | L65: 浦江超界集团二 | M65: 33072601000416 | N65: 2025B3
A66: 2025年4月7日总经理专题办公会议纪要 | B66: 330700145852 | C66: 交流配电箱 | D66: 电源类 | E66: 4233.25 | F66: 127 | G66: 1 | H66: 个 | J66: 交流配电箱 | L66: 浦江超界集团二 | M66: 33072601000416 | N66: 2025B3
A67: 2025年4月7日总经理专题办公会议纪要 | B67: 330700169109 | C67: 专用空调 | D67: 空调 | E67: 8465.67 | F67: 253.97 | G67: 1 | H67: 台 | J67: 3P | L67: 浦江超界集团二 | M67: 33072601000416 | N67: 2025B3
A68: 2025年4月7日总经理专题办公会议纪要 | B68: 330700355865 | C68: 机房配套扩容资产 | D68: 模块 | E68: 288 | F68: 8.64 | G68: 1 | H68: 个 | J68: 门禁配套物资电源转换模块 | L68: 浦江超界集团二 | M68: 33072601000416 | N68: 2025B3
A69: 2025年4月7日总经理专题办公会议纪要 | B69: 330700363860 | C69: 动力及环境监控单元 | D69: 动环 | E69: 2679.9 | F69: 80.4 | G69: 1 | H69: 个 | L69: 浦江超界集团二 | M69: 33072601000416 | N69: 2025B3
A70: 2025年4月7日总经理专题办公会议纪要 | B70: 330700362682 | C70: 机房配套扩容资产 | D70: 机房配套其他 | E70: 321.56 | F70: 9.65 | G70: 1 | H70: 个 | J70: 智能空调控制器 | L70: 浦江超界集团二 | M70: 33072601000416 | N70: 2025B3
A71: 2025年4月7日总经理专题办公会议纪要 | B71: 330700363824 | C71: 电源扩容资产 | D71: 电源类 | E71: 440.28 | F71: 13.21 | G71: 1 | H71: 个 | J71: 供电计量设备 | L71: 浦江超界集团二 | M71: 33072601000416 | N71: 2025B3
A72: 2025年4月7日总经理专题办公会议纪要 | B72: 330700365114 | C72: 电力引入扩容资产 | D72: 外市电 | E72: 379.13 | F72: 155.42 | G72: 1 | H72: 个 | J72: 直流计量终端6分路 | L72: 浦江超界集团二 | M72: 33072601000416 | N72: 2025B3
A73: 2025年4月7日总经理专题办公会议纪要 | B73: 330700407148 | C73: 电力引入扩容资产 | D73: 外市电 | E73: 37.63 | F73: 22.17 | G73: 1 | H73: 个 | J73: 霍尔传感器电压型输入100A/输出0-4V | L73: 浦江超界集团二 | M73: 33072601000416 | N73: 2025B3
A74: 2025年4月7日总经理专题办公会议纪要 | B74: 330700407144 | C74: 电源扩容资产 | D74: 电源类 | E74: 1816.63 | F74: 568.47 | G74: 1 | H74: 个 | J74: 开关电源配件160A熔断器 | L74: 浦江超界集团二 | M74: 33072601000416 | N74: 2025B3
A75: 2025年4月7日总经理专题办公会议纪要 | B75: 330700129414 | C75: 1KV以下电力电缆 | D75: 电力电缆 | E75: 12186.66 | F75: 1055.13 | G75: 1 | H75: 根 | J75: 5x35方1米/根 | L75: 永康花川工业园 | M75: 330784908000001205 | N75: 2025B3
A76: 2025年4月7日总经理专题办公会议纪要 | B76: 330700169352 | C76: 交流配电箱 | D76: 电源类 | E76: 2370.69 | F76: 71.12 | G76: 1 | H76: 个 | J76: 交流配电箱 | L76: 永康花川工业园 | M76: 330784908000001205 | N76: 2025B3
A77: 2025年4月7日总经理专题办公会议纪要 | B77: 330700353529 | C77: 普通空调柜式 | D77: 空调 | E77: 6012.58 | F77: 180.38 | G77: 1 | H77: 台 | J77: 3P | L77: 永康花川工业园 | M77: 330784908000001205 | N77: 2025B3
A78: 2025年4月7日总经理专题办公会议纪要 | B78: 330700336095 | C78: 直流配电设备 | D78: 电源类 | E78: 5394.94 | F78: 161.85 | G78: 1 | H78: 台 | J78: 1路分10路63A | L78: 永康花川工业园 | M78: 330784908000001205 | N78: 2025B3
A79: 2025年4月7日总经理专题办公会议纪要 | B79: 330700354099 | C79: 机房配套扩容资产 | D79: 模块 | E79: 288 | F79: 8.64 | G79: 1 | H79: 个 | J79: 门禁配套物资电源转换模块 | L79: 永康花川工业园 | M79: 330784908000001205 | N79: 2025B3
A80: 2025年4月7日总经理专题办公会议纪要 | B80: 330700364522 | C80: 动力及环境监控单元 | D80: 动环 | E80: 2593.99 | F80: 77.82 | G80: 1 | H80: 个 | L80: 永康花川工业园 | M80: 330784908000001205 | N80: 2025B3
A81: 2025年4月7日总经理专题办公会议纪要 | B81: 330700363027 | C81: 电源扩容资产 | D81: 电源类 | E81: 628.97 | F81: 18.87 | G81: 1 | H81: 个 | J81: 通用配件电表箱 | L81: 永康花川工业园 | M81: 330784908000001205 | N81: 2025B3
A82: 2025年4月7日总经理专题办公会议纪要 | B82: 330700362387 | C82: 机房配套扩容资产 | D82: 机房配套其他 | E82: 321.56 | F82: 9.65 | G82: 1 | H82: 个 | J82: 智能空调控制器 | L82: 永康花川工业园 | M82: 330784908000001205 | N82: 2025B3
A83: 2025年4月7日总经理专题办公会议纪要 | B83: 330700386450 | C83: 电力引入扩容资产 | D83: 外市电 | E83: 381.86 | F83: 190.39 | G83: 1 | H83: 个 | J83: 霍尔传感器电流型输入50A | L83: 永康花川工业园 | M83: 330784908000001205 | N83: 2025B3
A84: 2025年4月7日总经理专题办公会议纪要 | B84: 330700510414 | C84: 施工-宏站-新建-外市电引入-线缆敷设-低压(三相380V)-直供电 | D84: 电力电缆 | E84: 1564.51 | F84: 1421.07 | G84: 1 | H84: 根 | J84: 4x35方11米/根 | L84: 金东后畈村 | M84: 330703010000001573 | N84: 2025B3
A85: 2025年4月7日总经理专题办公会议纪要 | B85: 330700524204 | C85: 施工-宏站-存量整治-外市电引入-外市电线路整治-按站 | D85: 电力电缆 | E85: 21378.53 | F85: 20643.89 | G85: 1 | H85: 根 | J85: 4x35方20米/根 | L85: 金东后畈村 | M85: 330703010000001573 | N85: 2025B3
A86: 2025年4月7日总经理专题办公会议纪要 | B86: 330700421344 | C86: 外市电引入 | D86: 电力电缆 | E86: 12403.64 | F86: 7437.96 | G86: 1 | H86: 根 | J86: 4x35方5米/根 | L86: 金东后畈村 | M86: 330703010000001573 | N86: 2025B3
A87: 2025年4月7日总经理专题办公会议纪要 | B87: 330700400044 | C87: 基站机房扩容资产 | D87: 电力电缆 | E87: 975.91 | F87: 811.72 | G87: 1 | H87: 根 | J87: 25方2米/根 | L87: 永康永拖 | M87: 330784908000000410 | N87: 2025B3
A88: 2025年4月7日总经理专题办公会议纪要 | B88: 330700153096 | C88: 交流配电箱 | D88: 电源类 | E88: 86.4 | F88: 2.59 | G88: 1 | H88: 个 | J88: 交流配电箱 | L88: 永康永拖 | M88: 330784908000000410 | N88: 2025B3
A89: 2025年4月7日总经理专题办公会议纪要 | B89: 330700143468 | C89: 专用空调 | D89: 空调 | E89: 11660 | F89: 349.8 | G89: 1 | H89: 台 | J89: 3P | L89: 永康永拖 | M89: 330784908000000410 | N89: 2025B3
A90: 2025年4月7日总经理专题办公会议纪要 | B90: 330700173603 | C90: 专用空调 | D90: 空调 | E90: 4895.48 | F90: 146.86 | G90: 1 | H90: 台 | J90: 3P | L90: 永康永拖 | M90: 330784908000000410 | N90: 2025B3
A91: 2025年4月7日总经理专题办公会议纪要 | B91: 330700345866 | C91: 基站机房扩容资产 | D91: 基站构筑物 | E91: 1471.16 | F91: 1057.04 | G91: 1 | H91: 个 | J91: 400mm室内走线架 | L91: 永康永拖 | M91: 330784908000000410 | N91: 2025B3
A92: 2025年4月7日总经理专题办公会议纪要 | B92: 330700381213 | C92: 机房配套扩容资产 | D92: 机房配套其他 | E92: 361.48 | F92: 44.93 | G92: 1 | H92: 个 | J92: 智能空调控制器 | L92: 永康永拖 | M92: 330784908000000410 | N92: 2025B3
... A97: 2025年4月7日总经理专题办公会议纪要 | B97: 330700337352 | C97: 机房配套扩容资产 | D97: 模块 | E97: 94.79 | F97: 2.84 | G97: 1 | H97: 个 | J97: 门禁配套物资电源转换模块 | L97: 义乌佛堂前案 | M97: 330782908000002141 | N97: 2025B3
A98: 2025年4月7日总经理专题办公会议纪要 | B98: 330700367900 | C98: 动力及环境监控单元 | D98: 动环 | E98: 2594.87 | F98: 147.76 | G98: 1 | H98: 个 | L98: 金华婺城杭长征岩头二 | M98: 330702908000001482 | N98: 2025B3
A99: 2025年4月7日总经理专题办公会议纪要 | B99: 330700385610 | C99: 机房配套扩容资产 | D99: 机房配套其他 | E99: 361.48 | F99: 54.67 | G99: 1 | H99: 个 | J99: 空调控制器 | L99: 义乌佛堂前案 | M99: 330782908000002141 | N99: 2025B3
A100: 2025年4月7日总经理专题办公会议纪要 | B100: 330700426262 | C100: 电源扩容资产 | D100: 电源类 | E100: 327.65 | F100: 137.86 | G100: 1 | H100: 个 | J100: 直流分路断路器(50A) | L100: 义乌佛堂前案 | M100: 330782908000002141 | N100: 2025B3
A101: 2025年4月7日总经理专题办公会议纪要 | B101: 330700411240 | C101: 基站机房扩容资产 | D101: 电力电缆 | E101: 428.42 | F101: 359.1 | G101: 1 | H101: 根 | J101: 50方2米/根 | L101: 金华婺城浙师大二 | M101: 330702908000001462 | N101: 2025B3
A102: 2025年4月7日总经理专题办公会议纪要 | B102: 330700415039 | C102: 基站机房扩容资产 | D102: 电力电缆 | E102: 1010.83 | F102: 843.87 | G102: 1 | H102: 根 | J102: 95方2米/根 | L102: 金华婺城浙师大二 | M102: 330702908000001462 | N102: 2025B3
A103: 2025年4月7日总经理专题办公会议纪要 | B103: 330700170105 | C103: 交流配电箱 | D103: 电源类 | E103: 2032.15 | F103: 60.96 | G103: 1 | H103: 个 | J103: 交流配电箱 | L103: 金华婺城浙师大二 | M103: 330702908000001462 | N103: 2025B3
A104: 2025年4月7日总经理专题办公会议纪要 | B104: 330700139553 | C104: 交流配电箱 | D104: 电源类 | E104: 665.51 | F104: 19.97 | G104: 1 | H104: 个 | J104: 交流配电箱 | L104: 金华婺城浙师大二 | M104: 330702908000001462 | N104: 2025B3
A105: 2025年4月7日总经理专题办公会议纪要 | B105: 330700349488 | C105: 基站机房扩容资产 | D105: 基站构筑物 | E105: 425.06 | F105: 307 | G105: 1 | H105: 个 | J105: 400mm室内走线架 | L105: 金华婺城浙师大二 | M105: 330702908000001462 | N105: 2025B3
A106: 2025年4月7日总经理专题办公会议纪要 | B106: 330700328520 | C106: 直流配电箱 | D106: 电源类 | E106: 9317.45 | F106: 279.52 | G106: 1 | H106: 台 | J106: 直流配电设备 | L106: 金华婺城浙师大二 | M106: 330702908000001462 | N106: 2025B3
A107: 2025年4月7日总经理专题办公会议纪要 | B107: 330700362533 | C107: 动力及环境监控单元 | D107: 动环 | E107: 2679.9 | F107: 80.4 | G107: 1 | H107: 个 | L107: 金华婺城浙师大二 | M107: 330702908000001462 | N107: 2025B3
A108: 2025年4月7日总经理专题办公会议纪要 | B108: 330700361846 | C108: 机房配套扩容资产 | D108: 机房配套其他 | E108: 321.56 | F108: 9.65 | G108: 1 | H108: 个 | J108: 智能空调控制器 | L108: 金华婺城浙师大二 | M108: 330702908000001462 | N108: 2025B3
A109: 2025年4月7日总经理专题办公会议纪要 | B109: 330700373159 | C109: 机房配套扩容资产 | D109: 机房配套其他 | E109: 324.29 | F109: 27.19 | G109: 1 | H109: 个 | J109: 智能空调控制器 | L109: 金华婺城浙师大二 | M109: 330702908000001462 | N109: 2025B3
A110: 2025年4月7日总经理专题办公会议纪要 | B110: 330700425337 | C110: 机房配套扩容资产 | D110: 机房配套其他 | E110: 231.48 | F110: 94.2 | G110: 1 | H110: 个 | J110: 智能空调控制器 | L110: 金华婺城浙师大二 | M110: 330702908000001462 | N110: 2025B3
A111: 2025年4月7日总经理专题办公会议纪要 | B111: 330700391038 | C111: 电力引入扩容资产 | D111: 外市电 | E111: 381.86 | F111: 205.81 | G111: 1 | H111: 个 | J111: 霍尔传感器电流型输入50A | L111: 金华婺城浙师大二 | M111: 330702908000001462 | N111: 2025B3
A112: 2025年4月7日总经理专题办公会议纪要 | B112: 330700349489 | C112: 电源扩容资产 | D112: 电源类 | E112: 841.49 | F112: 25.24 | G112: 1 | H112: 个 | J112: 100A熔断器 | L112: 金华婺城浙师大二 | M112: 330702908000001462 | N112: 2025B3
A113: 2025年4月7日总经理专题办公会议纪要 | B113: 330700424371 | C113: 外市电引入 | D113: 电力电缆 | E113: 28170.03 | F113: 17331.68 | G113: 1 | H113: 根 | J113: 4x25方30米/根 | L113: 义乌佛堂工业区八 | M113: 330782908000001334 | N113: 2025B3
A114: 2025年4月7日总经理专题办公会议纪要 | B114: 330700131649 | C114: 专用空调 | D114: 空调 | E114: 2118.53 | F114: 63.56 | G114: 1 | H114: 台 | J114: 3P | L114: 义乌佛堂工业区八 | M114: 330782908000001334 | N114: 2025B3
A115: 2025年4月7日总经理专题办公会议纪要 | B115: 330700345859 | C115: 基站机房扩容资产 | D115: 基站构筑物 | E115: 1306.21 | F115: 939.05 | G115: 1 | H115: 个 | J115: 600mm室内走线架 | L115: 义乌佛堂工业区八 | M115: 330782908000001334 | N115: 2025B3
A116: 2025年4月7日总经理专题办公会议纪要 | B116: 330700372080 | C116: 机房配套扩容资产 | D116: 模块 | E116: 291.14 | F116: 20.5 | G116: 1 | H116: 个 | J116: 门禁配套物资电源转换模块 | L116: 义乌佛堂工业区八 | M116: 330782908000001334 | N116: 2025B3
A117: 2025年4月7日总经理专题办公会议纪要 | B117: 330700385638 | C117: 机房配套扩容资产 | D117: 机房配套其他 | E117: 361.48 | F117: 54.67 | G117: 1 | H117: 个 | J117: 智能空调控制器 | L117: 义乌佛堂工业区八 | M117: 330782908000001334 | N117: 2025B3
A118: 2025年4月7日总经理专题办公会议纪要 | B118: 330700311964 | C118: 空调 | D118: 空调 | E118: 7121.18 | F118: 213.64 | G118: 1 | H118: 台 | J118: 3P | L118: 义乌乔亭南 | M118: 33078201000664 | N118: 2025B3
A119: 2025年4月7日总经理专题办公会议纪要 | B119: 330700311958 | C119: 基站用综合柜 | D119: 机房配套其他 | E119: 2150.28 | F119: 64.51 | G119: 1 | H119: 台 | J119: 带配电单元的基站用综合柜 | L119: 义乌乔亭南 | M119: 33078201000664 | N119: 2025B3
... A133: 2025年4月7日总经理专题办公会议纪要 | B133: 330700159125 | C133: 专用空调 | D133: 空调 | E133: 3316.5 | F133: 99.5 | G133: 1 | H133: 台 | J133: 3P | L133: 义乌江东候儿村 | M133: 330782908000001758 | N133: 2025B3
A134: 2025年4月7日总经理专题办公会议纪要 | B134: 330700109061 | C134: 油机转换箱 | D134: 发电机 | E134: 2476.94 | F134: 74.31 | G134: 1 | H134: 个 | L134: 义乌江东候儿村 | M134: 330782908000001758 | N134: 2025B3
A135: 2025年4月7日总经理专题办公会议纪要 | B135: 330700416640 | C135: 机房配套扩容资产 | D135: 机房配套其他 | E135: 361.48 | F135: 117.87 | G135: 1 | H135: 个 | J135: 智能空调控制器 | L135: 义乌江东候儿村 | M135: 330782908000001758 | N135: 2025B3
A136: 2025年4月7日总经理专题办公会议纪要 | B136: 330700140710 | C136: 开关电源 | D136: 开关电源 | E136: 4118.79 | F136: 123.56 | G136: 1 | H136: 架 | J136: 组合式 | L136: 东阳东站 | M136: 330783908000000455 | N136: 2025B3
A137: 2025年4月7日总经理专题办公会议纪要 | B137: 330700122381 | C137: 开关电源 | D137: 开关电源 | E137: 1887.31 | F137: 56.62 | G137: 1 | H137: 架 | J137: 嵌入式 | L137: 磐安双溪乡下坞村资源点 | M137: 330727700000091311 | N137: 2025B3
A138: 2025年4月7日总经理专题办公会议纪要 | B138: 330700102664 | C138: 开关电源 | D138: 开关电源 | E138: 14206.09 | F138: 426.18 | G138: 1 | H138: 架 | J138: 组合式 | L138: 义乌葛仙路 | M138: 330782908000001295 | N138: 2025B3
A139: 2025年4月7日总经理专题办公会议纪要 | B139: 330700341276 | C139: 嵌入式开关电源 | D139: 开关电源 | E139: 4042.23 | F139: 121.27 | G139: 1 | H139: 架 | J139: 嵌入式 | L139: 金华婺城保集半岛 | M139: 330702908000001264 | N139: 2025B3
A140: 2025年4月7日总经理专题办公会议纪要 | B140: 330700133936 | C140: 开关电源 | D140: 开关电源 | E140: 5473.93 | F140: 164.22 | G140: 1 | H140: 架 | J140: 嵌入式 | L140: 金华鞋塘下王 | M140: 330703908000000594 | N140: 2025B3
A141: 2025年4月7日总经理专题办公会议纪要 | B141: 330700128328 | C141: 开关电源 | D141: 开关电源 | E141: 3783.75 | F141: 113.51 | G141: 1 | H141: 架 | J141: 组合式 | L141: 金华安地小同村 | M141: 330702908000000603 | N141: 2025B3
A142: 2025年4月7日总经理专题办公会议纪要 | B142: 330700139719 | C142: 开关电源 | D142: 开关电源 | E142: 4876.22 | F142: 146.29 | G142: 1 | H142: 架 | J142: 组合式 | L142: 金华金东孝顺严店 | M142: 330703908000000488 | N142: 2025B3
A143: 2025年4月7日总经理专题办公会议纪要 | B143: 330700139458 | C143: 开关电源 | D143: 开关电源 | E143: 1943.95 | F143: 58.32 | G143: 1 | H143: 架 | J143: 组合式 | L143: 熟溪沈店 | M143: 330723908000000387 | N143: 2025B3
A144: 2025年4月7日总经理专题办公会议纪要 | B144: 330700315635 | C144: 组合式高频开关电源 | D144: 开关电源 | E144: 12439.03 | F144: 373.17 | G144: 1 | H144: 架 | J144: 组合式 | L144: 武义柳城镇3 | M144: 330723500000000051 | N144: 2025B3
...
